Cogmind - Beta 15 @@@ ROGUE MODE // 2025.05.20 @ 17:45:54 Player: alice_fexa Result: Escaped! Performance ------------- Evolutions (9) 4500 Regions Visited (27) 5400 Robots Destroyed (406) 2030 Value Destroyed (23572) 23572 Prototype IDs (142) 2840 Alien Tech Used (5) 1000 Bonus (19796) 19796 TOTAL SCORE: 59138 Bonus ------- Triggered High Security 500 High Alert Combat Kills 9312 Follower Combat Kills 316 Met Data Miner 300 Met Zhirov 300 Met Warlord at Base 500 MAIN.C Attacked Warlord 500 Warlord Defense Kills 3332 Met Warlord at Research 2000 Scanned by Researcher 500 Win 3000 Friendly Fire -764 Cogmind --------- Core Integrity 825/1600 Matter 280/300 Energy 336/340 System Corruption 9% Temperature Cool (0) Movement Walking (35) Location To Epsilon Eridani Parts ------- > --- POWER (3) -------- Particle Reactor > --- PROPULSION (6) --- Biometal-Carbon Exoskeleton > --- UTILITY (13) ----- Advanced Heat Sink Concept Antigrav Storage Unit Machine Analyzer Spectral Analyzer Advanced Signal Interpreter Long-range IFF Parser Long-range Terrain Scanner Experimental Core Analyzer Experimental Core Analyzer Graphene Brace > --- WEAPON (4) ------- Enhanced Nova Cannon Advanced Remote Datajack > --- INVENTORY (25) --- Concept Chromion Battery (800) Concept Chromion Battery (800) Concept NT7 Matterbank (697) Long-range IFF Parser Experimental Kinecellerator Advanced Transmission Jammer Graphene Brace Advanced Point Defense System Advanced Component Analysis Suite Advanced Corruption Screen Advanced Recalibrator Transdimensional Reconstructor Subatomic Replicator Enhanced Nova Cannon Linear Accelerator Peak State ------------ > --- POWER ------------ Concept Zero-point Core Quantum-Point Reactor > --- PROPULSION ------- Biometal-Carbon Exoskeleton > --- UTILITY ---------- Armored Scrap Engine Advanced Cooling System Concept Antigrav Storage Unit Spectral Analyzer Concept Hypertargeting System Experimental Core Analyzer Advanced Transmission Jammer Experimental Reaction Control System Concept Navigation Harness > --- WEAPON ----------- Hvy. Zero Strikerail Construct/C > --- INVENTORY -------- Experimental Antimatter Reactor Experimental Coolant Injector Concept Chromion Battery Concept Chromion Battery Concept NT7 Matterbank Concept NT7 Matterbank Long-range IFF Parser Long-range IFF Parser Concept Networked Targeting System Particle Accelerator Experimental Kinecellerator Advanced Transmission Jammer Experimental Reaction Control System Experimental Reaction Control System Centrium Medium Armor Plating Graphene Brace Experimental Focal Shield Advanced Component Analysis Suite Concept Matter Streamer Transdimensional Reconstructor Subatomic Replicator Vortex Rifle Concept XC Strikerail Concept XC Strikerail Advanced Micro-nuke Launcher [Rating: 256] Favorites ----------- Power Constructs Engine Angular Momentum Engine Power Core Concept Zero-point Core Reactor Constructs Propulsion Constructs Treads Light Treads Leg Constructs Wheel Compact Wheel Flight Unit Impulse Thruster Array Utility Armored Scrap Engine Device Armored Scrap Engine Storage High-capacity Storage Unit Processor Advanced Visual Processing Unit Hackware System Mapper Protection Centrium Medium Armor Plating Weapon Constructs Energy Gun Beam Rifle Energy Cannon Constructs Ballistic Gun Enhanced Autogun Ballistic Cannon Battle Cannon Launcher Long-range Missile Launcher Special Weapon Advanced Remote Datajack Piercing Weapon Lance Special Melee Weapon Advanced Datajack Build | -11 -10 -10 -10 -8 -8 -8 -6 -6 -6 -6 -5 -5 -5 -5 -5 -4 -4 -4 -4 -4 -3 -3 -3 -2 -2 -2 -1 ------- Run | Yrd Mat Min Sub Mat Sto Rec Fac Low Low Dat Pro Fac Upp Upp Zhi Pro Fac Upp Upp War Pro Res Qua Res Tes Frg Acc Slots Evolved 18 | . . . . 4 . . 4 . . . . 2 . . . . 2 . . . . 2 . 2 . . 2 Power 2 | . . . . . . . . . . . . 1 . . . . . . . . . . . 1 . . . Propulsion 4 | . . . . 1 . . 1 . . . . 1 . . . . 1 . . . . . . . . . . Utility 10 | . . . . 3 . . 1 . . . . . . . . . 1 . . . . 2 . 1 . . 2 Weapon 2 | . . . . . . . 2 . . . . . . . . . . . . . . . . . . . . Parts Attached 198 | 6 11 2 12 16 13 3 11 2 1 . 2 5 2 . 3 1 8 . 1 6 . 9 12 17 5 25 25 Power 20 | 1 2 . 1 2 2 . . . . . . 2 . . . . . . 1 . . . . 2 . 2 5 Engine 9 | 1 2 . 1 1 2 . . . . . . 2 . . . . . . . . . . . . . . . Core 4 | . . . . 1 . . . . . . . . . . . . . . 1 . . . . . . 2 . Reactor 7 | . . . . . . . . . . . . . . . . . . . . . . . . 2 . . 5 Propulsion 14 | 2 2 2 2 5 . . . . . . . . . . . . . . . . . . . . . . 1 Treads 8 | 1 . 1 1 5 . . . . . . . . . . . . . . . . . . . . . . . Leg . | . . . . . . . . . . . . . . . . . . . . . . . . . . . . Wheel 5 | 1 2 1 1 . . . . . . . . . . . . . . . . . . . . . . . . Hover . | . . . . . . . . . . . . . . . . . . . . . . . . . . . . Flight 1 | . . . . . . . . . . . . . . . . . . . . . . . . . . . 1 Utility 113 | 1 2 . 4 4 4 2 8 1 1 . 1 3 . . 2 1 8 . . 4 . 9 10 13 3 21 11 Device 67 | . 1 . 4 . 2 2 5 1 1 . . . . . 1 . 5 . . 3 . 4 8 7 2 16 5 Storage 6 | 1 1 . . . . . 1 . . . . . . . . . 1 . . . . . . 1 . 1 . Processor 17 | . . . . 2 . . . . . . . . . . . 1 1 . . . . 4 . 4 . 2 3 Hackware 4 | . . . . . . . . . . . . 1 . . . . . . . . . 1 . . . . 2 Protection 19 | . . . . 2 2 . 2 . . . 1 2 . . 1 . 1 . . 1 . . 2 1 1 2 1 Artifact . | . . . . . . . . . . . . . . . . . . . . . . . . . . . . Weapon 51 | 2 5 . 5 5 7 1 3 1 . . 1 . 2 . 1 . . . . 2 . . 2 2 2 2 8 Energy Gun 17 | . 3 . 1 2 3 . 1 . . . . . . . . . . . . 1 . . . 2 1 . 3 Energy Cannon 7 | . 1 . . 1 1 1 . . . . . . . . . . . . . . . . . . . . 3 Ballistic Gun 10 | 2 . . 1 . 2 . . . . . 1 . 1 . . . . . . 1 . . . . . 2 . Ballistic Cannon 4 | . . . 3 . . . . . . . . . . . . . . . . . . . 1 . . . . Launcher 8 | . 1 . . 2 1 . . 1 . . . . 1 . . . . . . . . . 1 . 1 . . Special Weapon 1 | . . . . . . . . . . . . . . . . . . . . . . . . . . . 1 Impact Weapon . | . . . . . . . . . . . . . . . . . . . . . . . . . . . . Slashing Weapon . | . . . . . . . . . . . . . . . . . . . . . . . . . . . . Piercing Weapon 3 | . . . . . . . 2 . . . . . . . 1 . . . . . . . . . . . . Special Melee Weapon 1 | . . . . . . . . . . . . . . . . . . . . . . . . . . . 1 Unidentified Prototypes 27 | . . . 1 . 4 1 . . 1 . . . . . 3 . . . . 4 . 1 2 4 1 5 . Parts Lost 50 | . . 1 . . . . . . . . . 4 . . . . 2 . . . . . . 2 . 25 16 Power 8 | . . . . . . . . . . . . 2 . . . . . . . . . . . . . 3 3 Propulsion 6 | . . 1 . . . . . . . . . . . . . . . . . . . . . . . 2 3 Utility 22 | . . . . . . . . . . . . 1 . . . . 2 . . . . . . 2 . 13 4 Weapon 14 | . . . . . . . . . . . . 1 . . . . . . . . . . . . . 7 6 Highest Loss Streak 21 | . . 1 . . . . . . . . . 3 . . . . 1 . . . . . . 2 . 21 10 To Critical Strikes . | . . . . . . . . . . . . . . . . . . . . . . . . . . . . Average Backups 18 | 2 12 14 14 14 14 14 15 19 19 20 19 18 20 19 19 20 19 19 19 19 20 19 19 19 19 22 14 Power . | . 3 2 1 1 1 . 1 1 1 1 1 . . . . . . 1 . . 1 1 1 . . . . Propulsion . | 1 2 1 1 1 2 2 . 1 1 1 1 1 2 2 2 2 2 2 2 . . . . . . . . Utility 9 | . 1 2 2 . 1 2 8 11 11 11 10 9 9 10 10 11 9 8 9 11 12 11 11 12 14 16 10 Weapon 6 | . 5 9 10 11 10 9 5 5 5 7 6 7 8 7 6 6 6 6 6 5 5 4 4 3 2 3 1 Tool/Special . | . . . . . . . . . . . . . . . . . . . . . . . . . . . . Unused Backups 108 | . 12 . 4 6 4 3 4 1 . . 1 2 . 1 1 . 3 1 1 9 . 3 5 14 4 17 12 Power 12 | . 4 . . 2 . 1 . . . . . . . . . . . . 1 1 . . 1 2 . . . Propulsion 9 | . 1 . 1 2 . . 2 . . . . . . . . . . . . 2 . . . 1 . . . Utility 50 | . 2 . . . . . . 1 . . 1 . . 1 . . 2 . . 3 . 1 3 10 4 14 8 Weapon 35 | . 5 . 3 2 4 2 2 . . . . 2 . . 1 . 1 1 . 3 . 2 1 1 . 3 2 Tool/Special 2 | . . . . . . . . . . . . . . . . . . . . . . . . . . . 2 Average Slot Usage (%) 68 | . 97 99 99 98 99 86 61 60 65 62 68 58 61 60 58 61 59 59 59 54 55 58 59 58 61 56 54 Engine 4 | . 14 14 14 7 5 7 3 6 6 6 6 4 5 4 5 5 4 5 4 . . . . . . . . Core 1 | . . . . 1 2 1 2 . . . . 2 5 5 5 5 5 5 5 5 5 4 2 . . 2 . Reactor 2 | . . . . . . . . . . . . . . . . . . . . . . . 1 7 8 5 4 Treads 5 | . 14 13 24 27 27 15 1 3 . . . . . . . . . . . . . . . . . . . Leg 2 | . . . . . . . . 2 6 6 6 3 . . 5 5 4 5 4 . . . . 3 4 4 3 Wheel 1 | . 14 14 3 . . 3 3 . . . . . . . . . . . . . . . . . . . . Device 18 | . 11 14 13 19 17 14 13 13 13 18 18 15 16 16 16 16 20 20 20 20 20 21 22 21 25 19 15 Storage 6 | . 14 14 14 9 9 9 6 6 6 6 6 5 5 5 5 5 5 5 5 5 5 4 4 4 4 4 3 Processor 6 | . . . . 6 9 9 6 6 6 6 6 5 5 5 5 5 5 5 5 5 5 4 4 10 8 8 12 Protection 4 | . . . . 7 9 7 5 6 6 6 6 5 5 5 4 5 4 5 5 4 5 4 4 3 4 3 1 Energy Gun 2 | . 10 28 6 11 8 7 2 . . . . 3 1 . . . . . . . . . . . 2 2 2 Energy Cannon 2 | . 6 . . 6 8 8 . 1 6 6 6 3 4 . . . . . . 5 5 4 3 1 . 1 3 Ballistic Gun 1 | . 11 . . . . . 3 . . . 8 3 3 5 . . . . . . . . . . . . . Ballistic Cannon 3 | . . . 21 . . . 6 4 . . . 1 . 5 5 5 4 5 4 . . . . 2 4 2 . Piercing Weapon 1 | . . . . . . . 1 6 6 6 1 . . . 3 1 5 4 5 5 5 4 3 . . . . Peak Build Rating 256 | 6 11 11 14 29 38 48 66 73 73 78 78 98 101 104 105 102 125 124 128 135 132 158 185 201 209 256 203 Average Rating 111 | 4 8 10 12 23 33 40 59 66 72 73 73 80 97 98 99 100 117 123 124 130 132 148 164 191 204 221 157 On Entrance 88 | . 6 11 11 13 29 38 44 66 73 73 78 72 98 101 99 102 102 122 124 128 132 132 152 180 198 206 84 Naked Turns . | . . . . . . . . . . . . . . . . . . . . . . . . . . . . Heaviest Build 148 | 14 32 32 33 41 55 49 102 86 87 87 87 90 98 96 96 99 97 85 85 83 82 86 100 130 136 148 109 Greatest Support 230 | 20 20 10 40 64 64 64 56 74 74 74 74 92 92 102 102 102 153 153 153 153 153 153 153 230 230 230 152 Greatest Overweight (x) 3 | 1 3 3 3 . . 3 1 1 1 1 1 . 1 1 . . . . . . . . . . . . 1 Average Overweight (x) . | . 1 3 . . . . . 1 1 1 . . . . . . . . . . . . . . . . . Largest Inventory Capacity 25 | 8 15 15 15 15 15 15 20 20 20 20 20 20 20 20 20 20 20 20 20 20 20 20 20 20 20 25 25 Average Capacity 18 | 6 14 15 15 15 15 15 17 20 20 20 20 20 20 20 20 20 20 20 20 20 20 20 20 20 20 23 25 Most Carried 25 | 4 15 15 15 15 15 15 20 20 20 20 20 20 20 20 20 20 20 20 20 20 20 20 20 20 20 25 17 Average Carried 18 | 2 12 14 14 14 14 14 15 19 19 19 19 18 19 19 19 19 19 19 19 19 20 19 19 19 19 22 14 Final Capacity 25 | 8 15 15 15 15 15 15 20 20 20 20 20 20 20 20 20 20 20 20 20 20 20 20 20 20 20 25 25 Final Carried 20 | 4 15 15 15 15 15 15 20 19 20 19 19 20 19 20 20 20 19 20 19 20 20 20 20 20 20 14 15 Scrap Engine Consumption 240 | . . . . . . 25 18 5 4 . 4 15 5 2 6 . 13 2 3 17 . 3 5 97 2 14 . Constructs Created 6 | . . . . . . 3 . . . . . 2 . . . . . . . . . . . 1 . . . Constructs Modified 106 | . . . . . . 6 8 3 1 . . 7 2 3 . . 8 . 4 . . . 6 51 . 7 . Class Distribution -------------------- 27% | Construct 24% | Scavenger-Construct 22% | Mutant 10% | Hacker-Construct 9% | Infiltrator-Construct 3% | Commander-Construct Dominant Class ---------------- Mutant | -10/Materials Mutant | -10/Mines Mutant | -10/Subcaves Mutant | -8/Materials Mutant | -8/Storage Mutant | -8/Recycling Construct | -6/Factory Construct | -6/Lower Caves Construct | -6/Lower Caves Construct | -6/Data Miner Construct | -5/Proximity Caves Construct | -5/Factory Construct | -5/Upper Caves Construct | -5/Upper Caves Construct | -5/Zhirov Construct | -4/Proximity Caves Infiltrator-Construct | -4/Factory Infiltrator-Construct | -4/Upper Caves Infiltrator-Construct | -4/Upper Caves Commander-Construct | -4/Warlord Infiltrator-Construct | -3/Proximity Caves Hacker-Construct | -3/Research Hacker-Construct | -3/Quarantine Scavenger-Construct | -2/Research Scavenger-Construct | -2/Testing Scavenger-Construct | -2/Protoforge Mutant | -1/Access Resources | -11 -10 -10 -10 -8 -8 -8 -6 -6 -6 -6 -5 -5 -5 -5 -5 -4 -4 -4 -4 -4 -3 -3 -3 -2 -2 -2 -1 ----------- Run | Yrd Mat Min Sub Mat Sto Rec Fac Low Low Dat Pro Fac Upp Upp Zhi Pro Fac Upp Upp War Pro Res Qua Res Tes Frg Acc Matter Collected 14293 | 236 277 30 419 191 175 254 544 160 384 . 250 322 33 94 68 52 491 159 46 455 19 245 803 1409 359 6596 222 Remotely 2009 | . . . . . . . . . . . . . . . . . . . . 256 . . . . . 1753 . Salvage Created 22028 | . 439 258 282 242 779 876 494 15 278 . 220 300 221 77 352 4 690 591 173 1144 144 638 613 2470 1300 9120 308 Parts 1003 | . 25 18 19 14 32 26 31 . 15 . 6 18 4 9 4 5 39 17 12 34 2 36 43 95 74 412 13 Haulers Intercepted 8 | . 1 . . 1 3 . 1 . . . . . . . . . 1 . . . . . . 1 . . . Recyclers Shooed 7 | . . 1 . . . 4 1 . . . . 1 . . . . . . . . . . . . . . . Parts Field Recycled . | . . . . . . . . . . . . . . . . . . . . . . . . . . . . Retrieved Matter . | . . . . . . . . . . . . . . . . . . . . . . . . . . . . Parts Self-Destructed 54 | . . . 14 . . . . . 14 . 3 . . 4 2 3 . 12 . . 2 . . . . . . Prevented 5 | . . . . . . . . . . . 2 . . 3 . . . . . . . . . . . . . Kills | -11 -10 -10 -10 -8 -8 -8 -6 -6 -6 -6 -5 -5 -5 -5 -5 -4 -4 -4 -4 -4 -3 -3 -3 -2 -2 -2 -1 ------- Run | Yrd Mat Min Sub Mat Sto Rec Fac Low Low Dat Pro Fac Upp Upp Zhi Pro Fac Upp Upp War Pro Res Qua Res Tes Frg Acc Combat Hostiles Destroyed 313 | . 14 6 10 5 14 7 8 . 12 . 6 5 . 5 . 2 8 4 . 27 . 7 11 31 19 106 6 Melee 2 | . . . . . . . . . . . . . . . . . . . . . . 1 . 1 . . . Guns 39 | . 5 6 8 1 8 2 4 . . . 2 3 . . . . . . . . . . . . . . . Cannons 229 | . 5 . 2 . 5 5 4 . 3 . 4 2 . . . . 8 4 . 27 . 6 9 29 14 99 3 AOE 27 | . 4 . . 3 . . . . 8 . . . . 5 . 2 . . . . . . . . 5 . . Classes Destroyed 34 | . 4 3 3 1 1 . 2 . 1 . 1 2 1 . . . . 1 . 5 . . . 2 1 6 . Worker 8 | . . . . . . . . . . . . 1 . . . . . . . . . 2 1 1 1 . 2 Builder 27 | . . 2 . . 1 2 2 . . . . 2 . . . . 5 . . . . 2 2 . 8 1 . Tunneler 4 | . . 1 . . . . 3 . . . . . . . . . . . . . . . . . . . . Hauler 8 | . 1 . . 1 3 . 1 . . . . . . . . . 1 . . . . . . 1 . . . Recycler 13 | . . 1 . . . 9 . . . . . . . . . . 1 . . . . 2 . . . . . Carrier 3 | . . . . . . . . . . . . . . . . . . . . . . . . . . 3 . Minesweeper 1 | . . . . . . . . . . . . . . . . . . 1 . . . . . . . . . Mechanic 2 | . . . . . 1 . . . . . . . . . . . . . . . . . . . . 1 . Operator 5 | . . . . . . . . . . . . 2 . . . . . . . . . . . 2 . 1 . Drone 8 | . . . . . . . . . . . 2 . . . . 2 . . . . . . . . . 4 . Turret 2 | . . . 2 . . . . . . . . . . . . . . . . . . . . . . . . Watcher 17 | . 3 . . . . . . . . . . 1 . . . . 3 . . . . 2 3 1 1 3 . Swarmer 44 | . 8 6 4 . 1 . . . 7 . . 1 . 5 . . . . . 4 . 3 . 1 4 . . Cutter 3 | . . . . . . . . . . . . . . . . . . . . . . . . . . . 3 Saboteur 4 | . . . . . . . . . . . . . . . . . . . . 1 . . . . 1 2 . Grunt 87 | . 6 . . 2 8 . 1 . 4 . 2 . . . . . 1 2 . 13 . . . 10 2 36 . Brawler 9 | . . . . . . . . . 1 . . . . . . . . . . 2 . . . . . 6 . Duelist 14 | . . . . 1 . . . . . . . . . . . . . 1 . 1 . . . 2 1 8 . Protector 9 | . . . . . . . . . . . . . . . . . . . . 3 . . . . . 6 . Researcher 5 | . . . . . . . . . . . . . . . . . . . . . . . . . 1 4 . Sentry 31 | . . . 1 2 5 . 1 . . . 1 3 . . . . . . . . . . . 2 4 11 1 Demolisher 1 | . . . . . . . . . . . . . . . . . . . . . . . . 1 . . . Specialist 2 | . . . . . . . . . . . . . . . . . . . . 1 . . . . . 1 . Hunter 10 | . . . . . . . 3 . . . . 1 . . . . . . . . . . . . 2 4 . Programmer 37 | . . . . . . . 3 . . . 1 . . . . . 7 1 . . . 4 2 2 5 10 2 Q-Series 4 | . . . . . . . . . . . . . . . . . . . . . . . . . . 4 . Quarantine Guard 9 | . . . . . . . . . . . . . . . . . . . . . . . 9 . . . . Decapitator 6 | . . . . . . . . . . . . . . . . . . . . . . . . . . 6 . Immortal 4 | . . . . . . . . . . . . . . . . . . . . . . . . . . 4 . Striker 8 | . . . . . . . . . . . . . . . . . . . . 1 . . . 6 . 1 . Executioner 7 | . . . . . . . . . . . . . . . . . . . . 1 . . . 6 . . . Alpha 7 2 | . . . . . . . . . . . . . . . . . . . . . . . . . . 2 . V-Series 1 | . . . . . . . . . . . . . . . . . . . . . . . . . . 1 . Subdweller 12 | . . . 5 . . 7 . . . . . . . . . . . . . . . . . . . . . Decomposer 2 | . . . . . . . . . . . . . 1 1 . . . . . . . . . . . . . Samaritan 6 | . . . . . . . . . . . . . 2 . . . . . 4 . . . . . . . . Tinkerer 1 | . . . . . . . . . . . . . . . . . . . . . . . . . . 1 . Savage 1 | . . . . . . . . . . . . . 1 . . . . . . . . . . . . . . Wizard 1 | . . . . . . . . . . . . . . . . . . . . . . . . 1 . . . Troll 1 | . . . . . . . . . . . . . . . . . . . . . . . . 1 . . . Best Kill Streak 12 | . 4 4 4 3 7 4 3 . 4 . 3 4 . 5 . 1 3 1 . 7 . 3 3 4 7 12 2 Combat Bots Only 12 | . 4 3 4 3 6 2 2 . 4 . 3 3 . 5 . 1 2 1 . 7 . 2 2 4 4 12 2 Max Kills in Single Turn 3 | . 3 1 1 3 2 1 2 . 2 . 1 1 1 3 . 1 1 1 1 2 . 2 1 1 3 1 1 Gunslinging . | . . . . . . . . . . . . . . . . . . . . . . . . . . . . Exploded 3 | . 3 . . 3 . . . . 2 . . . . 3 . 1 . . . . . . . . 2 . . Melee 1 | . . . . . . . . . . . . . . . . . . . . . . 1 . 1 . . . Uniques/NPCs Destroyed . | . . . . . . . . . . . . . . . . . . . . . . . . . . . . Combat | -11 -10 -10 -10 -8 -8 -8 -6 -6 -6 -6 -5 -5 -5 -5 -5 -4 -4 -4 -4 -4 -3 -3 -3 -2 -2 -2 -1 -------- Run | Yrd Mat Min Sub Mat Sto Rec Fac Low Low Dat Pro Fac Upp Upp Zhi Pro Fac Upp Upp War Pro Res Qua Res Tes Frg Acc Hostile Shots Fired 2164 | . 62 29 51 15 60 22 98 . 18 . 12 100 . 8 . . 54 2 . 7 . 52 67 66 77 1183 181 Missed 893 | . 18 3 17 5 11 8 36 . 10 . 2 29 . 4 . . 12 . . 3 . 23 46 30 36 531 69 Hits 1271 | . 44 26 34 10 49 14 62 . 8 . 10 71 . 4 . . 42 2 . 4 . 29 21 36 41 652 112 Melee 60 | . . . . . . . . . . . . . . . . . . . . . . . . . . 33 27 Projectile 1211 | . 44 26 34 10 49 14 62 . 8 . 10 71 . 4 . . 42 2 . 4 . 29 21 36 41 619 85 AOE 8 | . . . . . . . . . . . . . . . . . . . . . . . . 3 . 1 4 Critical Strikes 113 | . . 1 . . 2 1 2 . 2 . . 2 . . . . 6 1 . . . 2 1 2 1 74 16 Actively Blocked 75 | . . . . . . . . . . . . . . . . . . . . . . . . . . 59 16 Damage Taken 25624 | . 428 222 217 185 679 286 791 . 134 . 199 1456 . 52 . 40 828 42 . 88 . 505 936 1080 752 13307 3397 Core 3000 | . 117 23 26 28 83 64 103 . 37 . . 153 . . . . 75 . . . . 21 94 249 60 1092 775 Absorbed by Shields 2595 | . . . . . . . . . . . . . . . . . . . . 47 . . . 287 380 1881 . Redirected to Shielding 30 | . . . . . . . . . . . . 30 . . . . . . . . . . . . . . . Ignored by Resistances 1751 | . . . . . 7 . 184 . 10 . 16 . . . . . . . . . . . . . . 1476 58 Regen/Repaired (Parts) 5217 | . . . . . 76 . 223 15 . . . 517 80 . . . 170 . 174 86 . 62 815 733 . 2266 . Core Remaining (%) 67 | 100 . . 33 . . 68 . . . . 83 . . . . 84 . . . . 93 . 91 . . 3 51 Volleys Fired 1281 | . 46 23 58 18 58 49 35 . 21 . 13 35 14 12 . 3 43 10 2 80 1 24 49 106 74 470 37 Largest 3 | . 2 2 2 2 2 2 3 . 1 . 3 3 2 1 . 1 1 1 1 1 1 1 2 1 1 2 2 Hottest 233 | . 112 112 112 116 145 130 145 . 120 . 170 175 167 168 . 168 168 89 89 89 89 89 136 184 119 185 233 Shots Fired 1570 | . 90 46 94 31 106 72 73 . 21 . 29 71 17 12 . 3 42 10 2 80 1 24 54 106 75 464 47 Gun 361 | . 59 46 44 13 48 26 41 . . . 19 37 3 . . . . . . . . . . . . 12 13 Cannon 1165 | . 29 . 50 16 53 46 28 . 13 . 7 34 14 9 . 1 42 10 2 80 1 24 44 106 70 452 34 Launcher 44 | . 2 . . 2 5 . 4 . 8 . 3 . . 3 . 2 . . . . . . 10 . 5 . . Special . | . . . . . . . . . . . . . . . . . . . . . . . . . . . . Kinetic 741 | . 41 . 63 . . 18 45 . . . 19 33 14 9 . 1 28 10 1 . . . 5 92 70 292 . Thermal 581 | . 47 46 31 29 101 52 24 . 13 . . 29 3 . . . 14 . 1 80 1 24 26 14 . . 46 Explosive 25 | . 2 . . 2 . . . . 8 . 3 . . 3 . 2 . . . . . . . . 5 . . Electromagnetic 38 | . . . . . 5 2 4 . . . 7 9 . . . . . . . . . . 10 . . . 1 Entropic 185 | . . . . . . . . . . . . . . . . . . . . . . . 13 . . 172 . Robot Hit Streak 49 | . 7 12 28 43 17 12 11 . 6 . 4 9 7 3 . . 13 5 . 8 . 4 9 14 7 49 9 Robot Miss Streak 7 | . 3 3 2 3 6 3 4 . 4 . 2 6 1 3 . . 7 2 . 6 . 4 5 3 3 3 3 Penetration Max 1 | . . . . . . . . . . . . . . . . . . . . . . . . . 1 1 . Secondary Targets . | . . . . . . . . . . . . . . . . . . . . . . . . . . . . Shots Hit Robots 1119 | . 57 30 60 18 78 55 57 1 12 . 16 42 13 4 6 . 33 14 7 64 2 22 48 82 39 345 14 Core Hits 572 | . 25 12 23 8 75 23 27 1 14 . 16 20 5 7 3 2 15 8 3 32 1 11 27 36 36 134 8 Critical Kills 11 | . . . . 1 1 . . . . . . . . . . . . . . . . . . . . 9 . Critical Parts Destroyed 10 | . 1 . . . . . . . . . . . . . . . . . . . . . . 1 . 8 . Critical Strikes 42 | . 4 . 3 2 2 1 . . . . . 1 . . 1 . 1 3 . . . . 1 2 . 21 . Burn 7 | . 3 . . 1 1 1 . . . . . 1 . . . . . . . . . . . . . . . Meltdown 7 | . . . . 1 1 . . . . . . . . . . . . . . . . . . . . 5 . Destroy 18 | . 1 . . . . . . . . . . . . . . . . . . . . . . 1 . 16 . Blast 4 | . . . 3 . . . . . . . . . . . . . . . . . . . 1 . . . . Impale 6 | . . . . . . . . . . . . . . . 1 . 1 3 . . . . . 1 . . . Melee Attacks 136 | . . . . . . . 13 2 3 . . . . . 6 1 20 9 10 6 7 26 19 14 . . . Impact . | . . . . . . . . . . . . . . . . . . . . . . . . . . . . Slashing . | . . . . . . . . . . . . . . . . . . . . . . . . . . . . Piercing 136 | . . . . . . . 13 2 3 . . . . . 6 1 20 9 10 6 7 26 19 14 . . . Sneak Attacks 29 | . . . . . . . 4 . . . . . . . . . 8 1 7 . . 3 4 2 . . . Combat Hostiles . | . . . . . . . . . . . . . . . . . . . . . . . . . . . . Follow-up Attacks . | . . . . . . . . . . . . . . . . . . . . . . . . . . . . Damage Inflicted 92115 | . 1010 429 1213 529 1447 1308 1640 52 1298 . 377 1430 682 649 416 142 2577 1054 563 5912 158 1861 5396 9980 6227 44677 1088 Guns 4546 | . 455 429 609 175 673 336 534 . . . 194 505 62 . . . . . . . . . . . . 357 217 Cannons 79154 | . 351 . 604 113 774 972 801 . 468 . 183 925 620 218 . . 1993 503 . 5912 . 1289 4731 9544 4469 44320 364 Explosions 4113 | . 204 . . 241 . . 69 . 830 . . . . 431 . 142 . . . . . 130 235 . 1758 . 73 Melee 3868 | . . . . . . . 236 52 . . . . . . 416 . 584 551 563 . 158 442 430 436 . . . Ramming 434 | . . . . . . . . . . . . . . . . . . . . . . . . . . . 434 Kinetic 43445 | . 268 . 846 . . 397 872 . . . 194 459 620 218 . . 1438 503 . . . . 123 8919 4469 24119 . Thermal 16991 | . 538 429 367 288 1447 889 463 . 468 . . 777 62 . . . 555 . . 5912 . 1289 2228 625 . . 654 Explosive 3736 | . 204 . . 241 . . . . 830 . . . . 431 . 142 . . . . . 130 . . 1758 . . Electromagnetic 703 | . . . . . . 22 69 . . . 183 194 . . . . . . . . . . 235 . . . . Impact . | . . . . . . . . . . . . . . . . . . . . . . . . . . . . Slashing . | . . . . . . . . . . . . . . . . . . . . . . . . . . . . Piercing 3868 | . . . . . . . 236 52 . . . . . . 416 . 584 551 563 . 158 442 430 436 . . . Entropic 22938 | . . . . . . . . . . . . . . . . . . . . . . . 2380 . . 20558 . Highest Corruption 25 | . . . . . . . 5 5 . . 2 1 1 1 1 1 8 10 10 10 . 1 1 1 4 25 9 Average Corruption 4 | . . . . . . . 3 4 . . 1 1 1 1 1 1 4 9 10 10 . 1 1 1 3 10 5 Corruption Purged 6 | . . . . . . . . 5 . . . . . . . . . . . . . . . 1 . . . Corruption Blocked . | . . . . . . . . . . . . . . . . . . . . . . . . . . . . Effects 265 | . . . . . . . 22 5 . . 15 . 5 5 1 4 24 17 18 . . 6 14 6 10 107 6 Message Errors 65 | . . . . . . . 6 2 . . 5 . 2 2 . 1 4 5 6 . . 2 3 2 2 22 1 Matter Fused 56 | . . . . . . . 4 1 . . 5 . 1 . 1 . 3 3 4 . . . 5 1 2 23 3 Heat Flow Errors 41 | . . . . . . . 5 . . . 1 . . . . 1 5 3 3 . . 2 3 . 2 14 2 Energy Discharges 30 | . . . . . . . 4 2 . . . . . 1 . 1 5 3 1 . . 1 2 . 3 7 . Parts Rejected 1 | . . . . . . . . . . . . . . . . . . . . . . . . . . 1 . Parts Fused 6 | . . . . . . . 1 . . . . . . 2 . . 1 . 1 . . . . . . 1 . Data Loss (minor) 24 | . . . . . . . . . . . 1 . 1 . . . 2 . 2 . . . . 2 . 16 . Data Loss (major) 12 | . . . . . . . 1 . . . . . . . . 1 2 3 . . . 1 . 1 . 3 . Misfires 3 | . . . . . . . . . . . 1 . . . . . . . . . . . . . 1 1 . Alerts 8 | . . . . . . . . . . . 2 . 1 . . . 1 . 1 . . . 1 . . 2 . Misdirections 4 | . . . . . . . . . . . . . . . . . . . . . . . . . . 4 . Weapon Failures 15 | . . . . . . . 1 . . . . . . . . . 1 . . . . . . . . 13 . Overload Shots . | . . . . . . . . . . . . . . . . . . . . . . . . . . . . Overflow Damage 10248 | . 5 . 12 5 5 22 97 . 115 . . 43 79 66 259 . 409 302 143 413 70 373 261 1333 1122 5018 96 Projectiles 8878 | . . . 12 . 5 22 1 . 18 . . 43 79 51 . . 297 79 . 413 . 323 210 1333 974 5018 . Explosions 278 | . 5 . . 5 . . . . 97 . . . . 15 . . . . . . . 6 . . 148 . 2 Melee 1092 | . . . . . . . 96 . . . . . . . 259 . 112 223 143 . 70 44 51 . . . 94 Knockbacks 189 | . . . 6 . . 7 11 . . . . . 2 1 . . 13 1 . . . . . 30 16 102 . Impact . | . . . . . . . . . . . . . . . . . . . . . . . . . . . . Kinetic 168 | . . . 6 . . 7 9 . . . . . 2 1 . . 13 1 . . . . . 27 14 88 . Secondary 21 | . . . . . . . 2 . . . . . . . . . . . . . . . . 3 2 14 . Self-Inflicted Damage 309 | . . . . . 16 . . . . . . . . . . 41 . . . . . 30 17 . 205 . . Shots 8 | . . . . . 1 . . . . . . . . . . 1 . . . . . 1 2 . 3 . . Rammed . | . . . . . . . . . . . . . . . . . . . . . . . . . . . . Targets Rammed 18 | . . . . . . . . . . . . . . . . . . . . . . . . . . . 18 Kicked 18 | . . . . . . . . . . . . . . . . . . . . . . . . . . . 18 Crushed . | . . . . . . . . . . . . . . . . . . . . . . . . . . . . Highest Temperature 407 | . 126 189 . 72 125 168 292 . 110 . 238 247 228 222 . 230 259 228 222 42 42 62 200 280 192 204 407 Average Temperature 75 | . 42 80 . 28 40 39 94 . 56 . 94 84 91 103 . 99 76 73 72 27 27 41 96 74 64 60 142 Received Heat Transfer 3060 | . 123 . 30 36 306 84 63 . 72 . 18 144 . . . . 94 . . 9 . 18 . 17 20 1936 90 Effects 6 | . . . . . . . 1 . . . . . . . . . . . . . . . . 1 . . 4 Shutdowns 2 | . . . . . . . . . . . . . . . . . . . . . . . . . . . 2 Energy Bleed 1 | . . . . . . . 1 . . . . . . . . . . . . . . . . . . . . Interference 3 | . . . . . . . . . . . . . . . . . . . . . . . . 1 . . 2 Siege Activations . | . . . . . . . . . . . . . . . . . . . . . . . . . . . . Martial Activations . | . . . . . . . . . . . . . . . . . . . . . . . . . . . . Shielding Activations . | . . . . . . . . . . . . . . . . . . . . . . . . . . . . Robots Disrupted . | . . . . . . . . . . . . . . . . . . . . . . . . . . . . Combat Hostiles . | . . . . . . . . . . . . . . . . . . . . . . . . . . . . Robots Corrupted 8 | . . . . . . . . . . . . . . . . . . . . . . . 2 1 . 2 3 Combat Hostiles 8 | . . . . . . . . . . . . . . . . . . . . . . . 2 1 . 2 3 Parts Fried 10 | . . . . . . . . . . . . . . . . . . . . . . . 5 . . 4 1 Impact Corruptions 15 | . . . . . . . . . . . . . . . . . . . . . . . . 1 . 8 6 Robots Melted 8 | . . . . 1 1 . . . 1 . . . . . . . . . . . . . . . . 5 . Combat Hostiles 8 | . . . . 1 1 . . . 1 . . . . . . . . . . . . . . . . 5 . Parts Melted 45 | . 2 7 1 2 3 4 2 . 1 . . 2 . . . . . . . . . 1 . 6 1 12 1 Heat Transferred 16567 | . 1480 1110 645 703 2164 1517 703 . 650 . . 1184 111 . . . 225 . . 3324 . 666 1258 222 . . 605 Parts Sabotaged . | . . . . . . . . . . . . . . . . . . . . . . . . . . . . Parts Stolen . | . . . . . . . . . . . . . . . . . . . . . . . . . . . . Parts Stripped . | . . . . . . . . . . . . . . . . . . . . . . . . . . . . Power Chain Reactions . | . . . . . . . . . . . . . . . . . . . . . . . . . . . . Alert | -11 -10 -10 -10 -8 -8 -8 -6 -6 -6 -6 -5 -5 -5 -5 -5 -4 -4 -4 -4 -4 -3 -3 -3 -2 -2 -2 -1 ------- Run | Yrd Mat Min Sub Mat Sto Rec Fac Low Low Dat Pro Fac Upp Upp Zhi Pro Fac Upp Upp War Pro Res Qua Res Tes Frg Acc Maximum Alert Level 5 | . 1 . . 2 1 . 1 . . . . . . . . . 1 . . . . . . 3 4 5 5 Low Security (%) 61 | 100 74 100 . 72 73 100 67 . . . . 100 . . . . 47 . . . . 100 100 59 . . . Level 1 11 | . 25 . . 22 26 . 32 . . . . . . . . . 52 . . . . . . 6 . . . Level 2 8 | . . . . 5 . . . . . . . . . . . . . . . . . . . 26 36 . . Level 3 5 | . . . . . . . . . . . . . . . . . . . . . . . . 7 21 20 . Level 4 4 | . . . . . . . . . . . . . . . . . . . . . . . . . 42 22 . Level 5 6 | . . . . . . . . . . . . . . . . . . . . . . . . . . 56 6 High Security 2 | . . . . . . . . . . . . . . . . . . . . . . . . . . . 93 Max Security . | . . . . . . . . . . . . . . . . . . . . . . . . . . . . Peak Influence 3537 | . 249 85 . 417 234 81 244 . . . . 150 . . . . 350 . . . . 182 190 987 1483 3537 2574 Initial 2007 | . . 61 . 26 74 51 218 . . . . 150 . . . . 300 . . . . . 101 98 555 807 2007 Average 452 | . 137 36 . 143 140 8 155 . . . . 51 . . . . 209 . . . . 75 96 240 993 1994 2195 Influence Increases 13893 | . 521 175 327 719 498 208 603 . 315 . 100 390 5 115 10 10 916 120 . 814 10 550 599 1436 1254 3461 737 Destroy 0b10 Robot/C 6180 | . 280 120 200 280 280 . 160 . 240 . 80 100 . 100 . . 160 80 . 480 . 140 220 620 400 2120 120 Destroy 0b10 Robot/NC 560 | . 20 20 . 15 25 55 30 . . . 10 30 5 5 10 10 50 20 . 15 10 40 30 25 50 75 10 Destroy Leader 1060 | . 58 20 10 82 86 . 52 . 30 . 10 32 . 10 . . 48 20 . . . 34 106 104 62 256 40 Allied During Kill 307 | . . . 42 66 . . . . . . . . . . . . . . . 199 . . . . . . . Successful Hack 236 | . 26 . . 8 21 9 . . . . . 24 . . . . 44 . . . . 44 30 . 30 . . Select Force Hacks 120 | . . . . . . 120 . . . . . . . . . . . . . . . . . . . . . Disable Machine 945 | . . . . 60 15 15 75 . . . . 15 . . . . 90 . . . . 90 90 15 105 330 45 Anti-Garrison Action 450 | . . . . 150 . . . . . . . . . . . . . . . . . . . 150 . 150 . Destroy Structure 1495 | . 17 . . 58 11 9 41 . . . . 24 . . . . 224 . . . . 112 48 87 442 320 102 Advance Influence 650 | . . . . . . . 200 . . . . 150 . . . . 300 . . . . . . . . . . Partial Spotted 315 | . . . . . . . 30 . . . . . . . . . . . . . . . 30 30 90 105 30 Lose Combat Pursuer 1575 | . 120 15 75 . 60 . 15 . 45 . . 15 . . . . . . . 120 . 90 45 405 75 105 390 Influence Decreases 11319 | . 364 275 332 595 542 295 583 65 282 33 100 390 5 115 10 10 747 289 . 243 581 369 605 624 806 1550 1509 Entered New Map 3610 | . . 96 30 26 102 81 27 25 . 33 . . . . . . . 63 . . 571 . 80 77 432 628 1339 Time Decay 6740 | . 364 169 287 265 440 214 556 40 282 . 100 350 5 115 10 10 577 226 . 243 10 369 525 527 374 672 10 Lost Part 500 | . . 10 . . . . . . . . . 40 . . . . 20 . . . . . . 20 . 250 160 Lost Ally 169 | . . . 15 154 . . . . . . . . . . . . . . . . . . . . . . . Purge Threat 300 | . . . . 150 . . . . . . . . . . . . 150 . . . . . . . . . . Squads Dispatched 96 | . 3 . . 6 4 . 8 . . . . 11 . . . . 5 . . . . 4 1 1 14 22 17 Investigation 5 | . 1 . . . . . . . . . . 1 . . . . . . . . . . . . 2 . 1 Extermination 21 | . . . . . . . 3 . . . . 2 . . . . 4 . . . . 3 1 . 2 6 . Reinforcement 17 | . 2 . . 1 1 . 1 . . . . 2 . . . . 1 . . . . 1 . 1 2 3 2 Assault 33 | . . . . 2 . . . . . . . 2 . . . . . . . . . . . . 2 13 14 Garrison 20 | . . . . 3 3 . 4 . . . . 4 . . . . . . . . . . . . 6 . . Intercept . | . . . . . . . . . . . . . . . . . . . . . . . . . . . . Searches Triggered . | . . . . . . . . . . . . . . . . . . . . . . . . . . . . Data Miner Redirects 2 | . . . . . . . . . . . . 1 . . . . . . . . . . . . . 1 . Construction Impeded . | . . . . . . . . . . . . . . . . . . . . . . . . . . . . Haulers Reinforced 1 | . . . . . . . . . . . . 1 . . . . . . . . . . . . . . . Active Scanning Responses . | . . . . . . . . . . . . . . . . . . . . . . . . . . . . Cargo Convoy Interrupts 1 | . . . . . . . . . . . . . . . . . . . . . . 1 . . . . . Stealth | -11 -10 -10 -10 -8 -8 -8 -6 -6 -6 -6 -5 -5 -5 -5 -5 -4 -4 -4 -4 -4 -3 -3 -3 -2 -2 -2 -1 --------- Run | Yrd Mat Min Sub Mat Sto Rec Fac Low Low Dat Pro Fac Upp Upp Zhi Pro Fac Upp Upp War Pro Res Qua Res Tes Frg Acc Distress Signals 22 | . 3 . . 1 . 1 . . . . . 1 . . . 1 1 . . 2 . 2 . 8 1 . 1 Communications Jammed 128 | . . . . . . . . . . . . . . . . . . . . 34 . . 13 1 22 50 8 Distress Signals 128 | . . . . . . . . . . . . . . . . . . . . 34 . . 13 1 22 50 8 Times Spotted 612 | . 24 7 21 16 22 6 12 . 9 . 6 13 . 5 . 4 20 3 . 83 . 18 18 79 39 160 47 Peak Tracking Total 23 | . 4 3 4 8 9 2 2 . 4 . 3 4 . 5 . 2 3 1 . 19 . 5 3 11 6 23 11 Tactical Retreats 63 | . 6 1 3 . 2 . 1 . 1 . . 1 . . . . . . . 5 . 5 3 15 3 6 11 Traps | -11 -10 -10 -10 -8 -8 -8 -6 -6 -6 -6 -5 -5 -5 -5 -5 -4 -4 -4 -4 -4 -3 -3 -3 -2 -2 -2 -1 ------- Run | Yrd Mat Min Sub Mat Sto Rec Fac Low Low Dat Pro Fac Upp Upp Zhi Pro Fac Upp Upp War Pro Res Qua Res Tes Frg Acc Traps Triggered 23 | . . . . . 5 . 4 . . . . . . . . . . . . . . . . . 1 9 4 Indirectly 5 | . . . . . 5 . . . . . . . . . . . . . . . . . . . . . . Trap Hack Attempts . | . . . . . . . . . . . . . . . . . . . . . . . . . . . . Triggered . | . . . . . . . . . . . . . . . . . . . . . . . . . . . . Disarmed . | . . . . . . . . . . . . . . . . . . . . . . . . . . . . Reprogrammed . | . . . . . . . . . . . . . . . . . . . . . . . . . . . . Reused . | . . . . . . . . . . . . . . . . . . . . . . . . . . . . Traps Extracted . | . . . . . . . . . . . . . . . . . . . . . . . . . . . . Installed . | . . . . . . . . . . . . . . . . . . . . . . . . . . . . Triggered . | . . . . . . . . . . . . . . . . . . . . . . . . . . . . Machines | -11 -10 -10 -10 -8 -8 -8 -6 -6 -6 -6 -5 -5 -5 -5 -5 -4 -4 -4 -4 -4 -3 -3 -3 -2 -2 -2 -1 ---------- Run | Yrd Mat Min Sub Mat Sto Rec Fac Low Low Dat Pro Fac Upp Upp Zhi Pro Fac Upp Upp War Pro Res Qua Res Tes Frg Acc Machines Disabled 77 | . . . 2 5 1 1 5 . . . . 1 . . . . 6 1 . 2 . 7 6 2 7 28 3 Max in Single Turn 2 | . . . 2 1 1 1 1 . . . . 1 . . . . 1 1 . 1 . 1 1 1 1 1 1 Garrison Access 6 | . . . . 1 . . . . . . . 1 . . . . . . . . . . 1 2 . 1 . Energy Cycler 1 | . . . . . . . . . . . . . . . . . . . . . . . . . . . 1 Machines Repaired . | . . . . . . . . . . . . . . . . . . . . . . . . . . . . Machines Dismantled . | . . . . . . . . . . . . . . . . . . . . . . . . . . . . Machines Sabotaged . | . . . . . . . . . . . . . . . . . . . . . . . . . . . . Overloaded Fab Kills . | . . . . . . . . . . . . . . . . . . . . . . . . . . . . Hacking | -11 -10 -10 -10 -8 -8 -8 -6 -6 -6 -6 -5 -5 -5 -5 -5 -4 -4 -4 -4 -4 -3 -3 -3 -2 -2 -2 -1 --------- Run | Yrd Mat Min Sub Mat Sto Rec Fac Low Low Dat Pro Fac Upp Upp Zhi Pro Fac Upp Upp War Pro Res Qua Res Tes Frg Acc Machines Accessed 110 | . 5 . 2 6 9 10 8 . 2 4 . 6 2 . 3 . 9 . . 2 1 8 10 1 10 9 3 Terminals 64 | . 2 . . 5 7 5 5 . . . . 2 . . . . 5 . . . 1 6 7 . 9 8 2 Fabricators 2 | . . . . . . . 1 . . . . 1 . . . . . . . . . . . . . . . Repair Stations 5 | . 1 . . . 1 . . . . . . 1 . . . . . . . . . 1 1 . . . . Recycling Units 14 | . 2 . . . 1 4 1 . . . . 1 . . . . 3 . . . . 1 . . . . 1 Scanalyzers 2 | . . . . 1 . . . . . . . . . . . . . . . . . . 1 . . . . Garrison Access 7 | . . . . . . . 1 . . . . 1 . . . . 1 . . . . . 1 1 1 1 . Total Hacks 254 | . 12 . 5 15 23 31 11 . 4 29 . 10 2 . 13 . 20 . . 3 1 16 19 2 18 16 4 Successful 144 | . 3 . 5 9 14 20 2 . 4 29 . 2 2 . 13 . 7 . . 3 1 8 8 . 4 9 1 Failed 110 | . 9 . . 6 9 11 9 . . . . 8 . . . . 13 . . . . 8 11 2 14 7 3 Catastrophic 25 | . 2 . . . . . 5 . . . . 2 . . . . 5 . . . . 1 1 . 4 3 2 Database Lockouts . | . . . . . . . . . . . . . . . . . . . . . . . . . . . . Manual 84 | . 5 . . 13 6 15 3 . . . . 4 . . . . 8 . . 1 . 5 8 . 9 6 1 Terminals 133 | . 5 . . 13 17 11 8 . . . . 3 . . . . 13 . . . 1 13 15 . 16 15 3 Fabricators 3 | . . . . . . . 1 . . . . 2 . . . . . . . . . . . . . . . Repair Stations 13 | . 4 . . . 4 . . . . . . 2 . . . . . . . . . 2 1 . . . . Recycling Units 25 | . 3 . . . 2 12 1 . . . . 1 . . . . 4 . . . . 1 . . . . 1 Scanalyzers 3 | . . . . 2 . . . . . . . . . . . . . . . . . . 1 . . . . Garrison Access 13 | . . . . . . . 1 . . . . 2 . . . . 3 . . . . . 2 2 2 1 . Terminal Hacks 95 | . . . 5 2 8 8 1 . 4 29 . . 2 . 13 . 3 . . 3 1 3 2 . 3 8 . Record 35 | . . . 4 . 1 6 . . 3 11 . . . . 1 . . . . 2 1 . . . . 6 . Part Schematic 16 | . . . . . . . . . . 12 . . . . 4 . . . . . . . . . . . . Robot Schematic 3 | . . . . . . . . . . 3 . . . . . . . . . . . . . . . . . Robot Analysis 5 | . . . . . 1 . . . . . . . . . 4 . . . . . . . . . . . . Prototype ID Bank 8 | . . . . . 1 . . . . 3 . . . . 4 . . . . . . . . . . . . Open Door 7 | . . . . . 3 . . . 1 . . . 2 . . . . . . 1 . . . . . . . Branch Access Points 1 | . . . . . . . . . . . . . . . . . 1 . . . . . . . . . . Terminal Index 2 | . . . . . . . . . . . . . . . . . . . . . . 1 . . 1 . . Alert Level 4 | . . . . . 1 . . . . . . . . . . . 1 . . . . 1 1 . . . . Unreport Threat 2 | . . . . 1 . . . . . . . . . . . . 1 . . . . . . . . . . Locate Traps 4 | . . . . . 1 . 1 . . . . . . . . . . . . . . . . . 1 1 . Zone Layout 4 | . . . . 1 . . . . . . . . . . . . . . . . . 1 1 . 1 . . Proto ID Catalog 2 | . . . 1 . . . . . . . . . . . . . . . . . . . . . . 1 . Release Object 2 | . . . . . . 2 . . . . . . . . . . . . . . . . . . . . . Fabricator Hacks 1 | . . . . . . . . . . . . 1 . . . . . . . . . . . . . . . Load Schematic 1 | . . . . . . . . . . . . 1 . . . . . . . . . . . . . . . Repair Station Hacks 8 | . 1 . . . 4 . . . . . . 1 . . . . . . . . . 2 . . . . . Scan Component 5 | . 1 . . . 2 . . . . . . 1 . . . . . . . . . 1 . . . . . Repair 3 | . . . . . 2 . . . . . . . . . . . . . . . . 1 . . . . . Recycling Unit Hacks 6 | . 1 . . . . 3 . . . . . . . . . . 1 . . . . . . . . . 1 Retrieve Components 6 | . 1 . . . . 3 . . . . . . . . . . 1 . . . . . . . . . 1 Scanalyzer 3 | . . . . 2 . . . . . . . . . . . . . . . . . . 1 . . . . Insert Component 2 | . . . . 1 . . . . . . . . . . . . . . . . . . 1 . . . . Analyze 1 | . . . . 1 . . . . . . . . . . . . . . . . . . . . . . . Garrison Access Hacks 1 | . . . . . . . . . . . . . . . . . . . . . . . 1 . . . . Seal Access 1 | . . . . . . . . . . . . . . . . . . . . . . . 1 . . . . Unauthorized Hacks 30 | . 1 . . 5 2 9 1 . . . . . . . . . 3 . . . . 3 4 . 1 1 . Terminals 26 | . 1 . . 5 2 5 1 . . . . . . . . . 3 . . . . 3 4 . 1 1 . Track 1 | . . . . . . . . . . . . . . . . . . . . . . . 1 . . . . Botnet 11 | . . . . 1 1 1 . . . . . . . . . . 1 . . . . 3 2 . 1 1 . Skim 14 | . 1 . . 4 1 4 1 . . . . . . . . . 2 . . . . . 1 . . . . Fabricators . | . . . . . . . . . . . . . . . . . . . . . . . . . . . . Repair Stations . | . . . . . . . . . . . . . . . . . . . . . . . . . . . . Recycling Units 4 | . . . . . . 4 . . . . . . . . . . . . . . . . . . . . . Tunnel 4 | . . . . . . 4 . . . . . . . . . . . . . . . . . . . . . Scanalyzers . | . . . . . . . . . . . . . . . . . . . . . . . . . . . . Garrison Access . | . . . . . . . . . . . . . . . . . . . . . . . . . . . . Data Cores Recovered 1 | . . . . . . . . . . . . 1 . . . . . . . . . . . . . . . Used . | . . . . . . . . . . . . . . . . . . . . . . . . . . . . Hacking Detections 80 | . 4 . . 5 6 7 8 . . . . 6 . . . . 8 . . . 1 8 8 1 10 6 2 Full Trace Events 5 | . 1 . . . . . . . . . . 1 . . . . . . . . . . . . 2 . 1 Feedback Events . | . . . . . . . . . . . . . . . . . . . . . . . . . . . . Feedback Blocked . | . . . . . . . . . . . . . . . . . . . . . . . . . . . . Robot Schematics Acquired 7 | . . . . . . . . . . 3 . . . . . . . . . . . . . . 1 3 . Robots Built . | . . . . . . . . . . . . . . . . . . . . . . . . . . . . Authchips . | . . . . . . . . . . . . . . . . . . . . . . . . . . . . Time . | . . . . . . . . . . . . . . . . . . . . . . . . . . . . Total Robot Build Rating . | . . . . . . . . . . . . . . . . . . . . . . . . . . . . Part Schematics Acquired 28 | . . . . 1 . . . . . 12 . . . . 4 . . . . . . . . . 5 6 . Parts Built . | . . . . . . . . . . . . . . . . . . . . . . . . . . . . Authchips . | . . . . . . . . . . . . . . . . . . . . . . . . . . . . Time . | . . . . . . . . . . . . . . . . . . . . . . . . . . . . Total Part Build Rating . | . . . . . . . . . . . . . . . . . . . . . . . . . . . . Parts Repaired 3 | . . . . . 2 . . . . . . . . . . . . . . . . 1 . . . . . Time 208 | . . . . . 100 . . . . . . . . . . . . . . . . 108 . . . . . Parts Recycled . | . . . . . . . . . . . . . . . . . . . . . . . . . . . . Recycled Matter . | . . . . . . . . . . . . . . . . . . . . . . . . . . . . Retrieved Matter . | . . . . . . . . . . . . . . . . . . . . . . . . . . . . Retrieved Components 28 | . 2 . . . . 22 . . . . . . . . . . 1 . . . . . . . . . 3 Parts Scanalyzed 1 | . . . . 1 . . . . . . . . . . . . . . . . . . . . . . . Part Schematics Acquired 1 | . . . . 1 . . . . . . . . . . . . . . . . . . . . . . . Parts Damaged . | . . . . . . . . . . . . . . . . . . . . . . . . . . . . Bothacking | -11 -10 -10 -10 -8 -8 -8 -6 -6 -6 -6 -5 -5 -5 -5 -5 -4 -4 -4 -4 -4 -3 -3 -3 -2 -2 -2 -1 ------------ Run | Yrd Mat Min Sub Mat Sto Rec Fac Low Low Dat Pro Fac Upp Upp Zhi Pro Fac Upp Upp War Pro Res Qua Res Tes Frg Acc Used RIF Installer . | . . . . . . . . . . . . . . . . . . . . . . . . . . . . Robots Hacked . | . . . . . . . . . . . . . . . . . . . . . . . . . . . . Non-combat . | . . . . . . . . . . . . . . . . . . . . . . . . . . . . Combat . | . . . . . . . . . . . . . . . . . . . . . . . . . . . . Robot Hacks Applied . | . . . . . . . . . . . . . . . . . . . . . . . . . . . . Relay Couplers Released 8 | . . . . 1 . . . . . . . 2 . . . . . . . . . . . 4 . 1 . Machine Destruction 8 | . . . . 1 . . . . . . . 2 . . . . . . . . . . . 4 . 1 . Fabnet Peak Effective % . | . . . . . . . . . . . . . . . . . . . . . . . . . . . . Robots Rewired 5 | . . . . . . . . . . . . . . . . . . . . 5 . . . . . . . Allies Hacked . | . . . . . . . . . . . . . . . . . . . . . . . . . . . . Hacks Repelled . | . . . . . . . . . . . . . . . . . . . . . . . . . . . . Allies | -11 -10 -10 -10 -8 -8 -8 -6 -6 -6 -6 -5 -5 -5 -5 -5 -4 -4 -4 -4 -4 -3 -3 -3 -2 -2 -2 -1 -------- Run | Yrd Mat Min Sub Mat Sto Rec Fac Low Low Dat Pro Fac Upp Upp Zhi Pro Fac Upp Upp War Pro Res Qua Res Tes Frg Acc Total Allies 17 | . . . 12 . . . . . . . . . . . . . . . . 5 . . . . . . . Largest Group 11 | . . . 11 11 . . . . . . . . . . . . . . . 5 . . . . . . . Highest-Rated Group 281 | . . . 209 209 . . . . . . . . . . . . . . . 281 . . . . . . . Highest-Rated Ally 64 | . . . 19 19 . . . . . . . . . . . . . . . 64 . . . . . . . Total Orders 1 | . . . . . . . . . . . . . . . . . . . . 1 . . . . . . . STAY 1 | . . . . . . . . . . . . . . . . . . . . 1 . . . . . . . Ally Attacks 64 | . . . 25 36 . . . . . . . . . . . . . . . 3 . . . . . . . Total Damage 1883 | . . . 332 1551 . . . . . . . . . . . . . . . . . . . . . . . Kills 15 | . . . 3 12 . . . . . . . . . . . . . . . . . . . . . . . Allies Corrupted . | . . . . . . . . . . . . . . . . . . . . . . . . . . . . Allies Melted 1 | . . . . . . . . . . . . . . . . . . . . . . . . 1 . . . Intel | -11 -10 -10 -10 -8 -8 -8 -6 -6 -6 -6 -5 -5 -5 -5 -5 -4 -4 -4 -4 -4 -3 -3 -3 -2 -2 -2 -1 ------- Run | Yrd Mat Min Sub Mat Sto Rec Fac Low Low Dat Pro Fac Upp Upp Zhi Pro Fac Upp Upp War Pro Res Qua Res Tes Frg Acc Active Infowar (turns) 29416 | . . . 245 574 1088 1816 1620 776 1780 131 1278 936 465 561 236 537 1773 561 615 1288 377 1177 1764 5772 879 2605 562 Optics 29160 | . . . . 574 1088 1816 1620 776 1780 131 1278 936 465 561 236 537 1773 561 615 1288 377 1177 1764 5761 879 2605 562 Sensors 392 | . . . . . . . 272 . . . . . . . . . . . . . . . . . . . 120 IFF 20749 | . . . . . . . 566 702 1686 131 1278 846 465 561 236 537 1596 470 615 652 377 1165 939 5732 879 853 463 Terrain 302 | . . . . . . . . . . . . . . . . . . . . . . . . . . . 302 Structural 10437 | . . . . . . 88 164 . 45 . 767 704 465 561 236 537 1773 561 615 1288 377 1087 627 . 281 261 . Seismic 245 | . . . 245 . . . . . . . . . . . . . . . . . . . . . . . . Machine Analysis 105 | . . . . . . . . . . . . . . . . . . . . . . . . . . . 105 Jamming 16591 | . . . . . . . 128 . . . . . . . . . 1459 561 615 1288 377 1177 1764 5772 879 2308 263 Robot Analysis Total 5 | . . . . . 1 . . . . . . . . . 4 . . . . . . . . . . . . Derelict Logs Recovered 12 | . . 1 2 . . . . 3 2 . 1 . 1 . . 1 . 1 . . . . . . . . . Drone Launches . | . . . . . . . . . . . . . . . . . . . . . . . . . . . . Drone Recoveries . | . . . . . . . . . . . . . . . . . . . . . . . . . . . . Exploration | -11 -10 -10 -10 -8 -8 -8 -6 -6 -6 -6 -5 -5 -5 -5 -5 -4 -4 -4 -4 -4 -3 -3 -3 -2 -2 -2 -1 ------------- Run | Yrd Mat Min Sub Mat Sto Rec Fac Low Low Dat Pro Fac Upp Upp Zhi Pro Fac Upp Upp War Pro Res Qua Res Tes Frg Acc Turns Passed 34039 | 78 970 414 3237 743 1088 1816 1620 776 1780 131 1278 936 465 561 236 537 1773 561 615 1288 377 1177 1764 5772 879 2605 562 Spaces Moved 26098 | 43 557 262 1989 389 447 999 832 399 684 76 703 675 410 556 161 403 1135 394 461 1159 476 1292 2116 4697 1306 2509 968 Core 5 | 5 . . . . . . . . . . . . . . . . . . . . . . . . . . . Treads 3391 | 30 33 . 1378 389 447 616 257 213 . . . . . . . . 28 . . . . . . . . . . Legs 13204 | . . . . . . . 84 186 684 76 703 434 . 49 161 403 1107 394 426 . . . . 3714 1306 2509 968 Wheels 2279 | 8 524 262 611 . . 383 491 . . . . . . . . . . . . . . . . . . . . Hover 3092 | . . . . . . . . . . . . 241 410 507 . . . . . . . . 951 983 . . . Flight 4127 | . . . . . . . . . . . . . . . . . . . 35 1159 476 1292 1165 . . . . Fastest Speed 35 | 50 115 125 120 150 153 103 88 162 173 173 99 68 68 68 125 125 110 110 62 62 62 62 47 35 35 35 35 Average Speed 84 | 139 123 125 148 156 153 148 152 171 173 173 150 100 68 73 125 125 114 110 106 62 62 62 55 43 35 35 36 Slowest Speed 240 | 160 240 125 160 160 153 202 162 173 173 173 173 116 142 142 125 125 125 110 110 62 62 62 62 47 35 35 83 Overloaded Moves . | . . . . . . . . . . . . . . . . . . . . . . . . . . . . Propulsion Burnouts . | . . . . . . . . . . . . . . . . . . . . . . . . . . . . Robots Hopped 13 | . . . . . . . . . . . . . . . . . . . . 4 . 8 1 . . . . Potential Cave-ins 4 | . . . . . . . . . . . . . . . . . . . . . . . . . 4 . . Cave-ins Triggered . | . . . . . . . . . . . . . . . . . . . . . . . . . . . . Teleports 1 | . . . . . . . . . . . . . . . . . . . . . . . . . . 1 . Exploration Rate (%) 60 | 3 93 43 95 45 65 99 22 62 75 72 69 21 63 63 61 63 28 61 65 91 81 30 97 57 85 44 43 Regions Visited 27 Branch Regions 19 Pre-discovered Areas 8 | . . . 2 . . 4 . . . 1 . . . . . . . 1 . . . . . . . . . Known Exits Taken 8 | . . . . 1 . . 1 1 . . 1 1 . . . . 1 . . . . . 1 1 . . . Unknown Exits Taken 19 | 1 1 1 1 . 1 1 . . 1 1 . . 1 1 1 1 . 1 1 1 1 1 . . 1 1 . Scrap Searched 24 | . . 1 5 . . . . 3 2 . 3 . . 4 . 2 . . 2 . 2 . . . . . . Spaces Dug 166 | . . . . 2 3 . 6 1 21 . . 4 1 1 . 21 16 4 3 2 5 18 6 7 15 17 13 Terrain Destroyed 931 | . 14 . 2 5 8 7 37 1 134 . 31 13 4 43 . 30 136 12 7 16 7 48 23 37 206 69 41 Melee 50 | . . . . . . . 6 1 3 . . . . . . 1 10 . 3 2 5 10 6 3 . . . Projectile 367 | . . . 2 3 8 7 7 . 13 . . 13 4 5 . 1 55 12 4 14 2 20 17 34 56 69 21 AOE 514 | . 14 . . 2 . . 24 . 118 . 31 . . 38 . 28 71 . . . . 18 . . 150 . 20 Terrain Rammed . | . . . . . . . . . . . . . . . . . . . . . . . . . . . . Walls Destroyed . | . . . . . . . . . . . . . . . . . . . . . . . . . . . . Machines Disabled . | . . . . . . . . . . . . . . . . . . . . . . . . . . . . Actions | -11 -10 -10 -10 -8 -8 -8 -6 -6 -6 -6 -5 -5 -5 -5 -5 -4 -4 -4 -4 -4 -3 -3 -3 -2 -2 -2 -1 --------- Run | Yrd Mat Min Sub Mat Sto Rec Fac Low Low Dat Pro Fac Upp Upp Zhi Pro Fac Upp Upp War Pro Res Qua Res Tes Frg Acc Total 36229 | 58 760 305 2187 503 754 1263 1105 486 1247 76 898 869 579 700 189 431 1534 493 569 1639 545 1597 2624 8294 1649 3757 1118 Wait 7650 | 6 97 13 98 47 204 195 150 79 520 . 171 124 149 116 3 20 287 70 92 306 62 221 374 3370 230 595 51 Move 26041 | 42 556 261 1988 388 446 998 831 398 683 75 702 674 409 555 160 402 1134 393 460 1151 475 1276 2113 4696 1304 2504 967 Hop 11 | . . . . . . . . . . . . . . . . . . . . 3 . 7 1 . . . . Pick Up 240 | 4 26 3 9 12 7 1 20 3 2 . 2 10 1 6 5 1 7 2 . 12 . 11 10 24 8 41 13 Fast Attach 142 | 6 3 . 5 3 10 2 8 . 2 . . . 2 1 5 . 7 . 1 9 . 6 7 19 5 23 18 Attach 68 | . . 1 1 3 1 1 4 2 1 1 1 6 1 1 1 1 4 1 . . . 2 . 8 3 13 11 Detach 22 | . 1 . . . . 5 2 . 1 . 1 1 . 2 . . . 1 1 . . . . 7 . . . Swap 237 | . 9 1 9 14 7 2 19 1 12 . 7 12 . . . 2 18 6 . 6 . 11 28 10 14 49 . Drop 328 | . 22 3 18 18 20 10 23 1 2 . 1 7 3 7 9 1 14 1 3 20 . 13 23 40 10 56 3 Fire 1281 | . 46 23 58 18 58 49 35 . 21 . 13 35 14 12 . 3 43 10 2 80 1 24 49 106 74 470 37 Melee 136 | . . . . . . . 13 2 3 . . . . . 6 1 20 9 10 6 7 26 19 14 . . . Ram . | . . . . . . . . . . . . . . . . . . . . . . . . . . . . Kick 18 | . . . . . . . . . . . . . . . . . . . . . . . . . . . 18 Crush . | . . . . . . . . . . . . . . . . . . . . . . . . . . . . Escape Stasis 5 | . . . . . . . . . . . . . . . . . . . . . . . . . 1 4 . Rewire 50 | . . . 1 . 1 . . . . . . . . . . . . . . 46 . . . . . 2 . Trap . | . . . . . . . . . . . . . . . . . . . . . . . . . . . . Miscellaneous . | . . . . . . . . . . . . . . . . . . . . . . . . . . . . Route ------- -11/Scrapyard -10/Materials (discovered 4 exits: [*Mat x3] / [*Min]) -10/Mines (discovered 2 exits: [*Exi] / *Sub) -10/Subcaves (discovered 3 exits: *Mat x2 / *Rec) -8/Materials -8/Storage -8/Recycling -6/Factory (discovered 4 exits: *Fac x3 / *Low) -6/Lower Caves -6/Lower Caves (discovered 2 exits: *Fac / *Dat) -6/Data Miner -5/Proximity Caves -5/Factory (discovered 3 exits: *Fac / *Upp x2) -5/Upper Caves -5/Upper Caves (discovered 2 exits: *Fac / *Zhi) -5/Zhirov -4/Proximity Caves -4/Factory (discovered 4 exits: *Upp x2 / Ext x2) -4/Upper Caves -4/Upper Caves -4/Warlord -3/Proximity Caves -3/Research (discovered 3 exits: *Res / *Arm / *Qua) -3/Quarantine -2/Research (discovered 4 exits: *Acc x2 / *Tes x2) -2/Testing (discovered 3 exits: *Acc / [*Sec] / *Frg) -2/Protoforge -1/Access To Epsilon Eridani History --------- Turn | Location | Event 15 | -11/Scrapyard | Discovered new exit (range 15) 79 | -11/Scrapyard | Entered Materials 268 | -10/Materials | Discovered new exit (range 16) 311 | -10/Materials | Build established: Mutant 547 | -10/Materials | Discovered new exit (range 10) 849 | -10/Materials | Discovered new exit (range 3) 979 | -10/Materials | Derelicts attacked the area 1003 | -10/Materials | Discovered new exit (range 14) 1049 | -10/Materials | Entered Mines 1056 | -10/Mines | Received a Rocket Launcher from a helpful Derelict 1118 | -10/Mines | Found a hidden stash of uninstalled traps 1144 | -10/Mines | Learned 2 Materials zone layouts 1255 | -10/Mines | Core integrity fell below 50% 1319 | -10/Mines | Deemed a non-threat by the Exiles lab entrance 1319 | -10/Mines | Discovered new exit (range 5) 1431 | -10/Mines | Discovered new exit (range 13) 1463 | -10/Mines | Entered Subcaves 1464 | -10/Subcaves | Approached by a straggling Scientist 1470 | -10/Subcaves | Learned location of Zion (-7) 1470 | -10/Subcaves | Met a Zionite searching for "candidates" 1535 | -10/Subcaves | A swath of the cavern ceiling suddenly collapsed 1642 | -10/Subcaves | Discovered new exit (range 16) 1689 | -10/Subcaves | Learned location of 1 exit from Materials 1772 | -10/Subcaves | Shifting Twisted Machinery released Piercing Trap 1774 | -10/Subcaves | Shifting Twisted Machinery released Sub. Monowheel 1987 | -10/Subcaves | Learned Materials garrison access intel 2048 | -10/Subcaves | Disturbed a concealed Subdweller 2095 | -10/Subcaves | Visited triangular shrine 2103 | -10/Subcaves | Found Prototype Device 2103 | -10/Subcaves | Identified V3-11A's Pendant 2108 | -10/Subcaves | Befriended Subdweller 2258 | -10/Subcaves | Discovered new exit (range 12) 2569 | -10/Subcaves | Approached by friendly Subdweller 2616 | -10/Subcaves | A swath of the cavern ceiling suddenly collapsed 2720 | -10/Subcaves | Visited Clippyterm 2725 | -10/Subcaves | Learned location of Extension (-4) 2725 | -10/Subcaves | Learned 40 Factory zone layouts 2848 | -10/Subcaves | Befriended Subdweller 3166 | -10/Subcaves | Visited 4L-MR0's lab 3368 | -10/Subcaves | Befriended Subdweller 3451 | -10/Subcaves | Disturbed a concealed Subdweller 3453 | -10/Subcaves | Befriended Subdweller 3521 | -10/Subcaves | Ambushed by Subdwellers from Twisted Machinery 3523 | -10/Subcaves | Befriended Subdweller 3523 | -10/Subcaves | Befriended Subdweller 3548 | -10/Subcaves | Befriended Subdweller 3548 | -10/Subcaves | Befriended Subdweller 3688 | -10/Subcaves | Befriended Subdweller 3713 | -10/Subcaves | Befriended Subdweller 4099 | -10/Subcaves | Shifting Twisted Machinery released Sub. Machine Gun 4183 | -10/Subcaves | Shifting Twisted Machinery released Spk. Treads 4193 | -10/Subcaves | Befriended Subdweller 4267 | -10/Subcaves | Shifting Twisted Machinery released Battle Cannon 4456 | -10/Subcaves | Discovered new exit (range 7) 4700 | -10/Subcaves | Entered Materials 4700 | -8/Materials | Accompanied by 11 allies 4700 | -8/Materials | Evolved 4 slots: Propulsion x1, Utility x3 4701 | -8/Materials | Identified exit to Storage 4703 | -8/Materials | Loaded intel: 1 garrison access location 4718 | -8/Materials | Garrison activated, responded to threat 4957 | -8/Materials | Met 7R-MNS 4990 | -8/Materials | Lost 5 allies 5443 | -8/Materials | Entered Storage 5714 | -8/Storage | Garrison activated, responded to threat 6233 | -8/Storage | Repaired Adv. Heat Sink 6285 | -8/Storage | Repaired Lgt. Angular Momentum Engine 6528 | -8/Storage | Used back door to open Recycling access 6528 | -8/Storage | Discovered new exit (range 3) 6531 | -8/Storage | Entered Recycling 6840 | -8/Recycling | Discovered new exit (range 6) 7431 | -8/Recycling | Entered Scraplab 7458 | -8/Recycling | Found Prototype Device 7458 | -8/Recycling | Identified Scrap Engine 8284 | -8/Recycling | Build established: Construct 8347 | -8/Recycling | Entered Factory 8347 | -6/Factory | Evolved 4 slots: Propulsion x1, Utility x1, Weapon x2 8348 | -6/Factory | Identified exit to Lower Caves 8348 | -6/Factory | Identified exit to Factory 8893 | -6/Factory | Garrison activated, responded to threat 9561 | -6/Factory | Garrison activated, responded to threat 9967 | -6/Factory | Entered Lower Caves 10020 | -6/Lower Caves | Learned 4 Factory zone layouts 10022 | -6/Lower Caves | Learned Factory security intel 10048 | -6/Lower Caves | Identified exit to Lower Caves 10743 | -6/Lower Caves | Entered another Lower Caves area 10944 | -6/Lower Caves | Learned Factory terminal intel 11046 | -6/Lower Caves | Discovered exit to Factory (range 15) 11898 | -6/Lower Caves | Encountered a Warlord checkpoint 12017 | -6/Lower Caves | Entered an active Warlord outpost 12044 | -6/Lower Caves | Learned Armory security intel 12044 | -6/Lower Caves | Learned Extension garrison access intel 12390 | -6/Lower Caves | Learned Factory terminal intel 12404 | -6/Lower Caves | Discovered new exit (range 12) 12440 | -6/Lower Caves | Found Alien Artifact 12440 | -6/Lower Caves | Identified Core Expander 12440 | -6/Lower Caves | Installed Core Expander, added new Utility slot 12523 | -6/Lower Caves | Entered Data Miner 12523 | -6/Data Miner | Discovered new exit (range 6) 12549 | -6/Data Miner | Met Data Miner 12588 | -6/Data Miner | Learned location of Section 7 (-2) 12588 | -6/Data Miner | Acquired the access code to Warlord's prototype stash 12613 | -6/Data Miner | Received God Mode back door access code from Data Miner 12654 | -6/Data Miner | Entered Proximity Caves 12769 | -5/Proximity Caves | Learned 4 Factory zone layouts 12795 | -5/Proximity Caves | Spotter reported a threat 12981 | -5/Proximity Caves | Spotted B-75 Beast 13507 | -5/Proximity Caves | Attracted the attention of an 0b10 checkpoint 13641 | -5/Proximity Caves | Discovered exit to Factory (range 5) 13806 | -5/Proximity Caves | Received a Behemoth hack from an annoying Tinkerer 13932 | -5/Proximity Caves | Entered Factory 13932 | -5/Factory | Evolved 2 slots: Power x1, Propulsion x1 13933 | -5/Factory | Identified exit to Upper Caves 13935 | -5/Factory | Loaded intel: 25 terminal locations 13956 | -5/Factory | Discovered new exit (range 7) 13978 | -5/Factory | Garrison activated, responded to threat 14149 | -5/Factory | Discovered exit to Upper Caves (range 19) 14245 | -5/Factory | Garrison activated, responded to threat 14270 | -5/Factory | Incoming assault squad redirected 14311 | -5/Factory | Lost 3 parts (1p1u1w) 14868 | -5/Factory | Entered Upper Caves 14960 | -5/Upper Caves | Learned location of 1 exit from Factory 15104 | -5/Upper Caves | Encountered a Warlord checkpoint 15267 | -5/Upper Caves | Discovered new exit (range 3) 15333 | -5/Upper Caves | Entered another Upper Caves area 15337 | -5/Upper Caves | Discovered new exit (range 9) 15591 | -5/Upper Caves | Discovered new exit (range 12) 15894 | -5/Upper Caves | Entered Zhirov 15894 | -5/Zhirov | Discovered new exit (range 3) 15917 | -5/Zhirov | Met Zhirov 15951 | -5/Zhirov | Zhirov requested help retrieving the SGEMP Prototype 15971 | -5/Zhirov | Found Alien Artifact 15971 | -5/Zhirov | Identified Integrated Reactor 15971 | -5/Zhirov | Installed Integrated Reactor, increased core energy generation (+10) 15989 | -5/Zhirov | Found Alien Artifact 16130 | -5/Zhirov | Entered Proximity Caves 16133 | -4/Proximity Caves | Spotter reported a threat 16279 | -4/Proximity Caves | Learned 4 Research zone layouts 16283 | -4/Proximity Caves | Spotter reported a threat 16642 | -4/Proximity Caves | Discovered new exit (range 8) 16667 | -4/Proximity Caves | Entered Factory 16667 | -4/Factory | Evolved 2 slots: Propulsion x1, Utility x1 16668 | -4/Factory | Identified exit to Upper Caves 16669 | -4/Factory | Loaded intel: 27 terminal locations 16703 | -4/Factory | Spotted B-86 Titan 16937 | -4/Factory | Discovered exit to Upper Caves (range 11) 17464 | -4/Factory | Spotted B-86 Titan 17887 | -4/Factory | Build established: Infiltrator-Construct 17949 | -4/Factory | Identified exit to Extension 18440 | -4/Factory | Entered Upper Caves 18442 | -4/Upper Caves | System corruption reached 10% 18646 | -4/Upper Caves | Found Alien Artifact 18894 | -4/Upper Caves | Discovered new exit (range 12) 18936 | -4/Upper Caves | Learned location of Armory (-3) 19001 | -4/Upper Caves | Entered another Upper Caves area 19452 | -4/Upper Caves | Discovered new exit (range 5) 19616 | -4/Upper Caves | Entered Warlord 19637 | -4/Warlord | System corruption cleaned by Quarantine Array 19717 | -4/Warlord | Opened Warlord's prototype stash 19720 | -4/Warlord | Found Prototype Device 19720 | -4/Warlord | Identified System Purifier 19731 | -4/Warlord | Found Prototype Processor 19735 | -4/Warlord | Found Prototype Hackware 19892 | -4/Warlord | Received a Watcher feed algorithm from an ecstatic Tinkerer 19992 | -4/Warlord | Visited the Vortex Lab 20000 | -4/Warlord | Met EX-DEC 20002 | -4/Warlord | Found Prototype Energy Gun 20002 | -4/Warlord | Identified Vortex Rifle 20012 | -4/Warlord | Warlord's base attacked by MAIN.C 20015 | -4/Warlord | Found Vortex Rifle 20093 | -4/Warlord | Met Warlord 20111 | -4/Warlord | Build established: Commander-Construct 20353 | -4/Warlord | Spotted Striker 20362 | -4/Warlord | Warlord forces counterattacked 20388 | -4/Warlord | Destroyed Striker 20402 | -4/Warlord | Spotted Executioner 20442 | -4/Warlord | P-70 Sage assimilated allied 9R-XOO(g) 20443 | -4/Warlord | Spotted Executioner 20460 | -4/Warlord | Found Prototype Device 20460 | -4/Warlord | Identified Adv. Kinecellerator 20476 | -4/Warlord | Lost 6 allies 20512 | -4/Warlord | Spotted Striker 20513 | -4/Warlord | Spotted Striker 20546 | -4/Warlord | Discovered new exit (range 14) 20550 | -4/Warlord | Lost 3 allies 20635 | -4/Warlord | Destroyed Executioner 20660 | -4/Warlord | Destroyed 7 combat bots 20678 | -4/Warlord | Lost 8 allies 20687 | -4/Warlord | Warlord base infiltrated, sounded retreat 20814 | -4/Warlord | Spotted Striker 20817 | -4/Warlord | Spotted Striker 20827 | -4/Warlord | Spotted Executioner 20829 | -4/Warlord | Spotted Executioner 20872 | -4/Warlord | Lost 15 allies 20904 | -4/Warlord | Entered Proximity Caves 21125 | -3/Proximity Caves | Spotted B-86 Titan 21203 | -3/Proximity Caves | Build established: Infiltrator-Construct 21251 | -3/Proximity Caves | Discovered new exit (range 12) 21281 | -3/Proximity Caves | Entered Research 21281 | -3/Research | Evolved 2 slots: Utility x2 21282 | -3/Research | Identified exit to Armory 21287 | -3/Research | Identified System Mapper 21471 | -3/Research | Discovered new exit (range 10) 21490 | -3/Research | Identified exit to Research 21507 | -3/Research | Repaired Adv. Kinecellerator? 21593 | -3/Research | Build established: Hacker-Construct 21885 | -3/Research | Found Prototype Launcher 21916 | -3/Research | Identified Tactical Quantum Warhead 21936 | -3/Research | Identified Spectral Analyzer 22225 | -3/Research | Cargo convoy interrupted 22234 | -3/Research | Spotted B-86 Titan 22315 | -3/Research | Discovered new exit (range 10) 22336 | -3/Research | Found Gamma Bomb Array 22458 | -3/Research | Entered Quarantine 22584 | -3/Quarantine | Cryocooling Duct disabled 22599 | -3/Quarantine | Ambient heat levels rising (+20) 22599 | -3/Quarantine | Non-combat units ordered to evacuate 22946 | -3/Quarantine | Cryocooling Duct disabled 22961 | -3/Quarantine | Ambient heat levels rising (+20) 22961 | -3/Quarantine | Combat units ordered to evacuate 22966 | -3/Quarantine | Discovered exit to Research (range 15) 23061 | -3/Quarantine | Quarantine Guard activated 23139 | -3/Quarantine | Spotted Quarantine Guard 23139 | -3/Quarantine | Spotted Quarantine Guard 23140 | -3/Quarantine | Spotted Quarantine Guard 23212 | -3/Quarantine | Destroyed Quarantine Guard 23245 | -3/Quarantine | Destroyed Quarantine Guard 23250 | -3/Quarantine | Spotted Quarantine Guard 23265 | -3/Quarantine | Destroyed Quarantine Guard 23315 | -3/Quarantine | Destroyed Quarantine Guard 23320 | -3/Quarantine | Spotted Quarantine Guard 23521 | -3/Quarantine | Destroyed Quarantine Guard 23712 | -3/Quarantine | Found Alien Artifact 23740 | -3/Quarantine | Spotted Quarantine Guard 23767 | -3/Quarantine | Destroyed Quarantine Guard 23786 | -3/Quarantine | Found Prototype Processor 23794 | -3/Quarantine | Identified Exp. Signal Interpreter 23827 | -3/Quarantine | Spotted Quarantine Guard 23837 | -3/Quarantine | Spotted Quarantine Guard 23851 | -3/Quarantine | Destroyed Quarantine Guard 23910 | -3/Quarantine | Destroyed Quarantine Guard 24011 | -3/Quarantine | Found Prototype Launcher 24020 | -3/Quarantine | Identified Adv. Micro-nuke Launcher 24079 | -3/Quarantine | Spotted Quarantine Guard 24154 | -3/Quarantine | Destroyed Quarantine Guard 24222 | -3/Quarantine | Entered Research 24222 | -2/Research | Warlord forces began assault on 0b10 24222 | -2/Research | Evolved 2 slots: Power x1, Utility x1 24305 | -2/Research | Discovered new exit (range 15) 24332 | -2/Research | Research machine network offline 24376 | -2/Research | Met up with Warlord 24383 | -2/Research | Discovered new exit (range 17) 24479 | -2/Research | Identified exit to Testing 24540 | -2/Research | Spotted Striker 24562 | -2/Research | Discovered exit to Testing (range 4) 24623 | -2/Research | Spotted Executioner 24623 | -2/Research | Spotted Executioner 24623 | -2/Research | Spotted Executioner 24635 | -2/Research | Spotted Executioner 24676 | -2/Research | Lost 5 allies 24755 | -2/Research | Destroyed Executioner 24758 | -2/Research | Found Prototype Processor 24758 | -2/Research | Identified Exp. Core Analyzer 24761 | -2/Research | Found Prototype Processor 24761 | -2/Research | Identified Exp. Targeting Computer 24765 | -2/Research | Lost 3 allies 24819 | -2/Research | Borebot progress halted 25064 | -2/Research | Borebot progress halted 25066 | -2/Research | Build established: Scavenger-Construct 25085 | -2/Research | Spotted Striker 25100 | -2/Research | Destroyed Striker 25104 | -2/Research | Discovered new exit (range 23) 25313 | -2/Research | Borebot progress halted 25686 | -2/Research | Spotted Executioner 25688 | -2/Research | Spotted Executioner 25719 | -2/Research | Lost 4 allies 25726 | -2/Research | Given Cave Seal Controls access code 25852 | -2/Research | Spotted Striker 25860 | -2/Research | Destroyed Striker 25932 | -2/Research | Spotted Executioner 26614 | -2/Research | Spotted Striker 26714 | -2/Research | Lost 5 allies 27286 | -2/Research | Spotted Executioner 27291 | -2/Research | Spotted Executioner 27324 | -2/Research | Spotted Executioner 27331 | -2/Research | Spotted Executioner 27350 | -2/Research | Spotted Striker 27355 | -2/Research | Spotted Striker 27363 | -2/Research | Spotted Executioner 27366 | -2/Research | Spotted Striker 27447 | -2/Research | Spotted Executioner 27472 | -2/Research | Spotted Striker 27472 | -2/Research | Spotted Striker 27519 | -2/Research | Lost 27 allies 27554 | -2/Research | Spotted Striker 27578 | -2/Research | Spotted Executioner 27590 | -2/Research | Spotted Executioner 27622 | -2/Research | Spotted Striker 27626 | -2/Research | Spotted Executioner 27650 | -2/Research | Spotted Striker 27651 | -2/Research | Spotted Executioner 27678 | -2/Research | Lost 3 allies 27761 | -2/Research | Spotted Striker 27761 | -2/Research | Spotted Executioner 27796 | -2/Research | Destroyed Striker 27828 | -2/Research | Spotted Striker 27843 | -2/Research | Spotted Executioner 27846 | -2/Research | Destroyed Executioner 28287 | -2/Research | Spotted Striker 29024 | -2/Research | Found Prototype Processor 29038 | -2/Research | Spotted Striker 29056 | -2/Research | Lost 6 allies 29076 | -2/Research | Spotted Executioner 29100 | -2/Research | Spotted Executioner 29107 | -2/Research | Destroyed Executioner 29108 | -2/Research | Destroyed Executioner 29116 | -2/Research | Found Exp. Core Analyzer 29119 | -2/Research | Spotted Executioner 29123 | -2/Research | Spotted Striker 29161 | -2/Research | P-80 Master assimilated allied J1-1RR(D) 29162 | -2/Research | Spotted J1-1RR(D) 29167 | -2/Research | Spotted Striker 29180 | -2/Research | Identified Exp. Melee Analysis Suite 29207 | -2/Research | Lost 4 allies 29278 | -2/Research | Spotted Striker 29284 | -2/Research | Destroyed Striker 29492 | -2/Research | Spotted Striker 29509 | -2/Research | Spotted CG-GLF(L) 29535 | -2/Research | Spotted Executioner 29537 | -2/Research | Destroyed CG-GLF(L) 29552 | -2/Research | Destroyed Striker 29586 | -2/Research | Spotted Executioner 29593 | -2/Research | Destroyed Executioner 29598 | -2/Research | Spotted Executioner 29629 | -2/Research | Spotted Striker 29748 | -2/Research | Spotted Striker 29809 | -2/Research | Spotted Striker 29848 | -2/Research | Spotted Striker 29849 | -2/Research | Destroyed Striker 29857 | -2/Research | Spotted Executioner 29884 | -2/Research | Lost 5 allies 29904 | -2/Research | Spotted Striker 29906 | -2/Research | Spotted Striker 29920 | -2/Research | Spotted Striker 29921 | -2/Research | Spotted Striker 29935 | -2/Research | Spotted Executioner 29956 | -2/Research | Destroyed Executioner 29989 | -2/Research | Lost 3 allies 29994 | -2/Research | Entered Testing 29996 | -2/Testing | Spotted PG-J0UOZ0CPEN 30073 | -2/Testing | Garrison activated, responded to threat 30139 | -2/Testing | Found Prototype Processor 30144 | -2/Testing | Identified Exp. Armor Integrity Analyzer 30144 | -2/Testing | Found Prototype Device 30146 | -2/Testing | Lost 6 allies 30160 | -2/Testing | Identified Exp. Thermal Shield 30494 | -2/Testing | First assault squad dispatched 30544 | -2/Testing | Found Prototype Protection 30641 | -2/Testing | Discovered new exit (range 22) 30648 | -2/Testing | Found Prototype Energy Gun 30648 | -2/Testing | Identified Hyp. EM Gauss Rifle 30847 | -2/Testing | Spotted Fortress 30870 | -2/Testing | Discovered new exit (range 6) 30870 | -2/Testing | Discovered new exit (range 6) 30873 | -2/Testing | Entered Protoforge 30897 | -2/Protoforge | Superfortress began startup sequence 30967 | -2/Protoforge | Spotted B-90 Cyclops 31075 | -2/Protoforge | Spotted Hotshot 31096 | -2/Protoforge | Spotted Hotshot 31096 | -2/Protoforge | Spotted Hotshot 31096 | -2/Protoforge | Spotted Hotshot 31096 | -2/Protoforge | Spotted Hotshot 31123 | -2/Protoforge | First assault squad dispatched 31178 | -2/Protoforge | Identified Dimensional Node Initializer 31178 | -2/Protoforge | Initialized slip node 31241 | -2/Protoforge | Found Prototype Device 31246 | -2/Protoforge | Identified Hvy. Regenerative Plating 31265 | -2/Protoforge | Identified Cep. Recoil Nullifier 31266 | -2/Protoforge | Found Prototype Ballistic Gun 31295 | -2/Protoforge | Identified Cep. XC Strikerail 31298 | -2/Protoforge | Found Cep. XC Strikerail 31311 | -2/Protoforge | Found Prototype Energy Gun 31315 | -2/Protoforge | Identified Cep. Variable Chargecaster 31325 | -2/Protoforge | Found Cep. XC Strikerail 31450 | -2/Protoforge | Identified Transdimensional Reconstructor 31451 | -2/Protoforge | Found Prototype Device 31451 | -2/Protoforge | Identified Crosscalibrator 31457 | -2/Protoforge | Spotted Immortal 31457 | -2/Protoforge | Spotted Immortal 31461 | -2/Protoforge | Spotted Decapitator 31461 | -2/Protoforge | Spotted Decapitator 31461 | -2/Protoforge | Spotted Decapitator 31461 | -2/Protoforge | Spotted Decapitator 31487 | -2/Protoforge | Destroyed Immortal 31529 | -2/Protoforge | Destroyed Immortal 31571 | -2/Protoforge | Found Cep. Hardlight Director 31577 | -2/Protoforge | Found Prototype Processor 31581 | -2/Protoforge | Found Prototype Device 31590 | -2/Protoforge | Identified Cep. Projectile Intercept Suite 31592 | -2/Protoforge | Identified Exp. EM Disruption Field 31684 | -2/Protoforge | Destroyed Decapitator 31695 | -2/Protoforge | Destroyed Decapitator 31716 | -2/Protoforge | Destroyed 7 combat bots 31728 | -2/Protoforge | Destroyed Decapitator 31747 | -2/Protoforge | Scanned by Researcher 31759 | -2/Protoforge | Found Cep. NT7 Matterbank 31761 | -2/Protoforge | Found Cep. Chromion Battery 31770 | -2/Protoforge | Found Cep. Antigrav Storage Unit 31774 | -2/Protoforge | Found Prototype Device 31776 | -2/Protoforge | Found Prototype Device 31777 | -2/Protoforge | Identified Cep. Matter Streamer (x2) 31783 | -2/Protoforge | Found Cep. Chromion Battery 31792 | -2/Protoforge | Found Cep. NT7 Matterbank 31830 | -2/Protoforge | Spotted V475-i 31835 | -2/Protoforge | Destroyed V475-i 31845 | -2/Protoforge | Found Cep. Zero-point Core 31934 | -2/Protoforge | Spotted V356-v 31934 | -2/Protoforge | Spotted V817-n 31934 | -2/Protoforge | Spotted V070-o 31937 | -2/Protoforge | Spotted V747-c 32048 | -2/Protoforge | Destroyed 11 combat bots 32118 | -2/Protoforge | Destroyed 7 combat bots 32209 | -2/Protoforge | Found Prototype Device 32209 | -2/Protoforge | Identified Exp. Focal Shield 32301 | -2/Protoforge | Spotted Decapitator 32301 | -2/Protoforge | Spotted Decapitator 32301 | -2/Protoforge | Spotted Decapitator 32301 | -2/Protoforge | Spotted V159-k 32308 | -2/Protoforge | Destroyed Decapitator 32329 | -2/Protoforge | Destroyed 12 combat bots 32375 | -2/Protoforge | Spotted V986-f 32375 | -2/Protoforge | Spotted V626-i 32463 | -2/Protoforge | Found Prototype Energy Gun 32467 | -2/Protoforge | Identified Cep. Lightning Penetrator 32501 | -2/Protoforge | Found Prototype Energy Gun 32507 | -2/Protoforge | Identified Cep. Disintegration Ray 32513 | -2/Protoforge | Spotted V029-z 32528 | -2/Protoforge | System corruption reached 10% 32537 | -2/Protoforge | Spotted Decapitator 32537 | -2/Protoforge | Spotted Decapitator 32564 | -2/Protoforge | Spotted Immortal 32564 | -2/Protoforge | Spotted Immortal 32589 | -2/Protoforge | Destroyed Immortal 32593 | -2/Protoforge | Destroyed Immortal 32598 | -2/Protoforge | Spotted V562-o 32705 | -2/Protoforge | Found Cep. Melee Reflex Suite 32707 | -2/Protoforge | Found Cep. Networked Targeting System 32709 | -2/Protoforge | Destroyed 9 combat bots 32717 | -2/Protoforge | Found Cep. Hypertargeting System 32721 | -2/Protoforge | Found Prototype Device 32728 | -2/Protoforge | Identified Femtoactuators 32729 | -2/Protoforge | Found Prototype Device 32731 | -2/Protoforge | Identified Cep. Countertargeting System 32737 | -2/Protoforge | Found Exp. Kinecellerator 32739 | -2/Protoforge | Found Cep. Networked Targeting System 32786 | -2/Protoforge | Additional patrols dispatched to research labs 32805 | -2/Protoforge | Found Cep. Navigation Harness 32811 | -2/Protoforge | Found Alien Artifact 32811 | -2/Protoforge | Identified Cep. Nanofilaments [Polyglass] 32811 | -2/Protoforge | Installed Cep. Nanofilaments [Polyglass], 3 resistances modified: KI -10%, TH +20%, EX -50% 32833 | -2/Protoforge | Found Transdimensional Reconstructor 32905 | -2/Protoforge | Spotted AP7-3 32918 | -2/Protoforge | Destroyed 8 combat bots 32933 | -2/Protoforge | Spotted AP7-3 32958 | -2/Protoforge | Destroyed AP7-3 32970 | -2/Protoforge | Destroyed AP7-3 32991 | -2/Protoforge | Destroyed 7 combat bots 33009 | -2/Protoforge | Found Prototype Device 33020 | -2/Protoforge | Identified Cep. Thermoelectric Network 33096 | -2/Protoforge | Incoming assault squad redirected 33292 | -2/Protoforge | Destroyed Striker 33306 | -2/Protoforge | Spotted Decapitator 33315 | -2/Protoforge | Destroyed Decapitator 33334 | -2/Protoforge | Spotted Executioner 33363 | -2/Protoforge | Spotted Hotshot 33363 | -2/Protoforge | Spotted Executioner 33363 | -2/Protoforge | Spotted Hotshot 33381 | -2/Protoforge | Core integrity fell below 50% 33385 | -2/Protoforge | Spotted Decapitator 33393 | -2/Protoforge | Destroyed Decapitator 33402 | -2/Protoforge | Spotted Hotshot 33412 | -2/Protoforge | Spotted Decapitator 33418 | -2/Protoforge | Spotted Executioner 33450 | -2/Protoforge | Spotted Immortal 33462 | -2/Protoforge | Spotted Executioner 33463 | -2/Protoforge | Core integrity fell below 20% 33472 | -2/Protoforge | Spotted Striker 33474 | -2/Protoforge | Warped through subspace to slip node 33477 | -2/Protoforge | Discovered new exit (range 5) 33478 | -2/Protoforge | Spotted Hotshot 33478 | -2/Protoforge | Spotted Hotshot 33478 | -2/Protoforge | Spotted Hotshot 33478 | -2/Protoforge | Entered Access 33478 | -1/Access | Evolved 2 slots: Utility x2 33503 | -1/Access | Lost 21 parts (3p2n10u6w) 33515 | -1/Access | Found Exp. Core Analyzer 33516 | -1/Access | High security lockdown imminent 33596 | -1/Access | High security lockdown engaged 33753 | -1/Access | Energy Cycler disabled 33793 | -1/Access | Spotted B-99 Colossus 33829 | -1/Access | Spotted B-99 Colossus 33922 | -1/Access | Lost 10 parts (3p1n2u4w) 34036 | -1/Access | Discovered new exit (range 6) 34039 | -1/Access | Identified exit to Surface 34040 | *** | Escaped! Last Messages --------------- 34010_ U-05 Engineer builds a Wall. 34012_ System corrupted: Heat flow error (+212). 34015_ R-10 Processor collects Gamma Rifle. 34016_ Triggered Gamma Bomb Trap. 34016_ A bubble of electromagnetic force engulfs the area. 34016_ Gamma Rifle destroyed. 34016_ Door malfunctions. 34016_ >> Machine Analyzer network decryption results: 34016_ Terminal x2 34016_ S-43 Plague destroyed. 34023_ U-05 Engineer destroyed. 34026_ Gamma Rifle destroyed. 34029_ >> Machine Analyzer network decryption results: 34029_ Terminal x1 34029_ Acquired 20 matter. 34034_ Main Access Shell breached. 34036_ EXIT=FOUND 34038_ The Access Shell folds into the floor. 34039_ EXIT=IDENTIFIED: SURFACE 34040_ System corrupted: Matter fused (-9). Map ----- +----------------------------------------------------+ | ?????????????????????????????????????????????????? | | ??????????????????????????????? ?????????????????? | | ?????????????????????????????????????????????????? | | ?????????????????????????????????????????????????? | | ?????????????????????????????????????????????????? | | ?????????????????#???????????????????????????????? | | ?????????????????????????????????????????????????? | | ???????????????????????????????????????###???????? | | ?????????????????????????????????????? ????????? | | ????????????????????????????? ????????" ?????#??? | | ?????????????????????????????????????? #???????? | | ?????????????????????????????????????? *????????? | | ?????????????????????????????????????# #????????? | | ?????????????????????????????? ??????# #????????? | | ?????????????????????????????????????# #????????? | | ??????????????????????????? ? ???????# #????????? | | ?????????????????????????????????????# #????????? | | ?????????????????????????????????????# #????????? | | ?????????????????????????????????????# #????????? | | ?????????????????????????????###?????# #????????? | | ????????????????????########## ####### k#?#??????? | | ????????????????????" t #??????#?? | | ????????????????????" #????????? | | ????????????????????" #????????? | | ????????????????????" #????????? | | ????????????????????" "@ #????????? | | ??????????????????"?" "" #????????? | | ????????? ??????????" s #????????? | | ?????????#??? ?? ???" ss #????????? | | ""??? ?? ???????????" """ """ #????????? | | ""??????????????????" """T""" #????????? | | ???????????????#????########## ####### #????????? | | ?????????????????????????????####????# ##???????? | | ????????????#?????#################?#|!#????????? | | ??????? ??????#????# #* #????????? | | ???? ????????#?????# * #!=#????????? | | ???????????????????# ! + +??????""" | | ??????????????????## ! # #????""""" | | ??##############??## # #????""""" | | ??# #???# """"T"""" ?# #??????""" | | ??# #??????""""""""""" ?# #????????? | | ??# #????#?????#########??# #?????? ?? | | #?# " ###########?########### #????????? | | ??# """" # #?# # #????????# | | ??# """"" # #?# # #?????? | | ??# """"" # " #?# ] # #????? | | ??#= """" # """ #?# # #???? | | ??# " # """ #?# # #?? " | | ??# # " #?# # #? """ | | ??#! = !# ??? # # """ | +----------------------------------------------------+ Best States ------------- Heat Dissipation 104 Coolant Potential 120 Energy Generation 117 Energy Capacity 2066 Matter Stores 300 Matter Capacity 300 Sight Range 24 Robot Scan Range 16 Terrain Scan Range 24 Terrain Scan Density 10 Jamming Range 16 Additional Mass Support 12 Armor Coverage 600 Resistance: KI 30 Resistance: TH 20 Weapon Shielding 66 Phase Shifting 10 Evasion (%) 82 Targeting Accuracy 12 Core Analysis 12 Recoil Reduction 5 Particle Charging 30 Kinecelleration 50 Offensive Hacking 20 Defensive Hacking 12 Authchip Count 1 Item Schematics ----------------- Hvy. Particle Gun | -8/Materials | Scanalyzed Combat Drone Bay | -6/Data Miner | Free Lgt. Regenerative Plating | -6/Data Miner | Free Enh. Armored Leg | -6/Data Miner | Free Adv. EM Disruption Field | -6/Data Miner | Free Enh. Coil Gun | -6/Data Miner | Free Imp. Linear Gravjet | -6/Data Miner | Free Adv. Target Analyzer | -6/Data Miner | Free Railgun | -6/Data Miner | Free Arm. Medium Treads | -6/Data Miner | Free Field Propulsion Array | -6/Data Miner | Free Adv. Weapon Cycler | -6/Data Miner | Free Com. HERF Cannon | -6/Data Miner | Free Assault Drone Bay | -5/Zhirov | Free Exp. Heat Sink | -5/Zhirov | Free Exp. Optical Array | -5/Zhirov | Free Imp. Arc Thrower | -5/Zhirov | Free Exp. Flexi-carbon Leg | -2/Testing | Archive Exp. Thermal Defense Suite | -2/Testing | Archive Prc. Matter Filter | -2/Testing | Archive Exp. Target Analyzer | -2/Testing | Archive Graviton Cannon | -2/Testing | Archive Hvy. Dispersion Rifle | -2/Protoforge | Archive Adv. Energy Well | -2/Protoforge | Archive Exp. Thermal Generator | -2/Protoforge | Archive Gravity Flail | -2/Protoforge | Archive Spectral Analyzer | -2/Protoforge | Archive Exp. Gyrokinetic Inverter | -2/Protoforge | Archive Robot Schematics ------------------ L-41 Fighter | -6/Data Miner | Free B-48 Gladiator | -6/Data Miner | Free G-50 Soldier | -6/Data Miner | Free G-73 Enforcer | -2/Testing | Archive A-02 Transporter | -2/Protoforge | Archive A-15 Conveyor | -2/Protoforge | Archive B-74 Champion | -2/Protoforge | Archive Fabricated ------------ Nothing Repaired ---------- Adv. Heat Sink | 30% | -8/Storage Lgt. Angular Momentum Engine | 31% | -8/Storage Adv. Kinecellerator | 31% | -3/Research Alien Tech Used ----------------- Core Expander Integrated Reactor Dimensional Node Initializer Concept Nanofilaments [Polyglass] Transdimensional Reconstructor Achievements -------------- None Challenges ------------ None Game ------ Seed BlastBombFragment Manual? 0 Play Time 05:14:45 Cumulative 1501.3 hours Start 2025.05.19 @ 23:32:45 End 2025.05.20 @ 17:45:54 Sessions 5 Manual Loads 0 Difficulty Rogue Special Mode None Game No. 1070 Rogue 1030 Adventurer 40 Explorer 0 Win Type 0 Total 192 Types 82/8/74/2/1/4/16/2/1/2 Lore% 96 Gallery% 96 Achievement% 87 Wizard Run 0 Options --------- Layout 0 ASCII 0 Keyboard 0 Movement Numpad Keybinds 0 Fullscreen 0 Font 20/Terminus Map View 76x50 Zoom Use 0% Tactical HUD 1 Map Filters NONE Filters NONE Steam 1 RUN: 7d54c34a-ca79-4420-a00d-de66b8542be5